 Dungeon Crawl Stone Soup version 0.30.0-20-g3615ddf2f0 (webtiles) character file.

Game seed: 13552832244338811742

2637 qw the Cleaver (level 9, 1/1 HPs)
             Began as a Gargoyle Fighter on June 1, 2023.
             Quit the game on level 6 of the Dungeon.
             The game lasted 00:36:55 (43325 turns).

qw the Cleaver (Gargoyle Fighter)                  Turns: 43325, Time: 00:36:55

Health: 1/1        AC: 23    Str: 29    XL:     9   Next: 61%
Magic:  9/9        EV:  7    Int:  7    God:
Gold:   318        SH:  4    Dex: 10    Spells: 8/8 levels left

rFire   . . .        b - +0 war axe (vamp)
rCold   . . .        c - +0 buckler
rNeg    + + +        s - +0 plate armour
rPois   inf          a - -1 helmet "Qad Duun" {Rampage +Blink Str+5 Stlth+}
rElec   +            n - +2 ratskin cloak {*Rats rPois rN+ Str-1 Int-1 Dex+1}
rCorr   .            (no gloves)
SInv    .            k - +0 pair of boots
Will    .....        o - amulet of faith Stlth
                     f - ring of positive energy
HPRegen 0.20/turn    (no ring)
MPRegen 0.11/turn

%: rampage, faith
@: no status effects
A: sickness immunity, AC +6, negative energy resistance 1, electricity
resistance, torment resistance 1, petrification resistance
a: Evoke Blink


You were on level 6 of the Dungeon.
You visited 2 branches of the dungeon, and saw 8 of its levels.

You collected 318 gold pieces.


Innate Abilities, Weirdness & Mutations

You are immune to sickness and miasma.
Your stone body is resilient. (AC +6)
You are immune to poison.
You resist negative energy. (rN+)
You are resistant to electric shocks. (rElec)
You are resistant to unholy torment.
You are immune to petrification.


   Skills:
 - Level 7.0 Fighting
 - Level 9.5 Axes
 - Level 2.1 Throwing
 + Level 5.0 Armour
 - Level 1.3 Dodging
 - Level 4.0 Shields


You had 8 spell levels left.
You didn't know any spells.
Your spell library was empty.

Inventory:

Hand Weapons
 b - a +0 vampiric war axe (weapon)
 u - a +0 morningstar
Armour
 a - the -1 helmet "Qad Duun" (worn) {Rampage +Blink Str+5 Stlth+}
   (You acquired it on level 1 of the Dungeon)

   Str:       It affects your strength (+5).
   +Blink:    It lets you blink.
   Rampage:   It bestows one free step when moving towards enemies.
   Stlth:     It makes you more stealthy.
 c - a +0 buckler (worn)
 k - a +0 pair of boots (worn)
 n - the +2 ratskin cloak (worn) {*Rats rPois rN+ Str-1 Int-1 Dex+1}
   (You found it on level 5 of the Dungeon)

   *Rats:     When the wearer is hurt, rats may emerge from it to assist them.
   Str:       It affects your strength (-1).
   Int:       It affects your intelligence (-1).
   Dex:       It affects your dexterity (+1).
   rPois:     It protects you from poison.
   rN:        It protects you from negative energy.
 s - a +0 plate armour (worn)
Jewellery
 e - a ring of positive energy
 f - a ring of positive energy (left hand)
 o - an amulet of faith (around neck)
Wands
 i - a wand of digging (12)
Scrolls
 l - a scroll of identify
 r - 2 scrolls of teleportation
Potions
 d - 2 potions of might
 h - a potion of cancellation {unknown}
 j - 2 potions of curing
 m - a potion of mutation
 p - a potion of haste
 q - 3 potions of resistance
 t - a potion of lignification
 w - a potion of attraction {unknown}

Dungeon Overview and Level Annotations

Branches:
Dungeon (7/15)             Temple (1/1) D:4

Altars:
Ashenzari
Cheibriados
Dithmenos
Elyvilon
Gozag
Hepliaklqana
Kikubaaqudgha
Makhleb
Nemelex Xobeh
Qazlal
Ru
Trog
Uskayaw
Vehumet
Wu Jian
Xom
Yredelemnul
Zin
The Shining One

Shops:
D:2 =   D:4 =   D:7 *


Message History

Really rest while Zot is near?
Really rest while Zot is near?
Really rest while Zot is near?
Really rest while Zot is near?
Really rest while Zot is near?
Really rest while Zot is near?
Really rest while Zot is near?
Really rest while Zot is near?
43293 ||| Stepping ~*~*~tactically~*~*~ (hiding).
Really rest while Zot is near?
Really rest while Zot is near?
Really rest while Zot is near?
Really rest while Zot is near?
Really rest while Zot is near?
Really rest while Zot is near?
Really rest while Zot is near?
Really rest while Zot is near?
Really rest while Zot is near?
43304 ||| Stepping ~*~*~tactically~*~*~ (hiding).
Really rest while Zot is near?
Really rest while Zot is near?
Really rest while Zot is near?
Really rest while Zot is near?
Really rest while Zot is near?
Really rest while Zot is near?
Really rest while Zot is near?
Really rest while Zot is near?
Really rest while Zot is near?
43315 ||| Stepping ~*~*~tactically~*~*~ (hiding).
Really rest while Zot is near?
Really rest while Zot is near?
Really rest while Zot is near?
Really rest while Zot is near?
Really rest while Zot is near?
Really rest while Zot is near?
Really rest while Zot is near?
Really rest while Zot is near?
Really rest while Zot is near?
Zot's power touches on you...
Are you sure you want to abandon this character and quit the game? (Confirm with "yes".)

#.# #.....######.#### #.# #####.#
##'## #.# #.# ##...## #.###
####.# ##.....## ....#
##.##.###.......## #
..#.#########...#.##.........####
[..................'.........'...
..#.#########..[#.##.........####
.##.# ##....@...........#####
###.# ##..##.#.#..#.....## #..
###.# #..###.#.#..##...## #.#
...!# *#.##*#.########'## #.#
##### #.......~)~,,,*#.# #.#
#.......~~~,8,*#.# #..
#.........,8_8##.## ###
##......~~~,8,#...## #
##.....~g~,,,#....######


There were no monsters in sight!

Vanquished Creatures
  Grinder (D:3)
  2 water moccasins (D:5)
  An ice beast (D:6)
  2 black bears (D:5)
  An orc warrior (D:7)
  An ogre (D:7)
  A centaur (D:7)
  A bullfrog (D:6)
  A kobold brigand (D:7)
  3 scorpions
  7 howler monkeys (D:7)
  4 hounds (D:5)
  3 orc priests (D:5)
  A gnoll bouda (D:5)
  3 jellies
  Terence (D:3)
  4 iguanas (D:6)
  Natasha (thrice) (D:4)
  5 orc wizards
  Robin (D:3)
  9 gnolls (D:5)
  7 adders
  A white imp (D:6)
  An ufetubus (D:5)
  2 worms (D:2)
  2 dart slugs (D:1)
  23 orcs
  6 endoplasms
  6 giant cockroaches
  15 goblins
  9 hobgoblins
  7 kobolds
  4 quokkas
  8 ball pythons
  6 bats
  2 frilled lizards (D:1)
  5 rats
159 creatures vanquished.

Vanquished Creatures (collateral kills)
  An ice beast (D:7)
  A bullfrog (D:7)
  2 orcs (D:6)
4 creatures vanquished.

Grand Total: 163 creatures vanquished

Notes
Turn   | Place    | Note
-------+----------+-------------------------------------------
     0 | D:1      | qw the Gargoyle Fighter began the quest for the Orb.
     0 | D:1      | Reached XP level 1. HP: 14/14 MP: 1/1
     0 | D:1      | 0 ||| qw: Version: 0.2-a-102-gfc559e5
     0 | D:1      | 0 ||| qw: Game counter: 642
     0 | D:1      | 0 ||| qw: Always use a shield: true
     0 | D:1      | 0 ||| qw: God list: Okawaru
     0 | D:1      | 0 ||| qw: Allow faded altars: false
     0 | D:1      | 0 ||| qw: Do Orc after D:15 true
     0 | D:1      | 0 ||| qw: Do second Lair branch before Depths: true
     0 | D:1      | 0 ||| qw: Lair rune preference: random
     0 | D:1      | 0 ||| qw: Plans: Normal, Zot:1-4, Slime:5, God:TSO, Crypt,
                  | Tomb, Pan, Hells, Abyss, Win
     0 | D:1      | 0 ||| PLANNING D:1-11
    23 | D:1      | 23 ||| DROPPING +1 mace of holy wrath.
    35 | D:1      | HP: 3/14 [endoplasm (2)]
    37 | D:1      | HP: 1/14 [endoplasm (3)]
    39 | D:1      | Reached skill level 2 in Axes
   229 | D:1      | Reached XP level 2. HP: 15/19 MP: 2/2
   717 | D:1      | Reached skill level 3 in Axes
   743 | D:1      | Reached XP level 3. HP: 23/23 MP: 3/3
   833 | D:1      | 833 ||| Stepping ~*~*~tactically~*~*~ (stealth).
   835 | D:1      | 835 ||| Stepping ~*~*~tactically~*~*~ (hiding).
  1081 | D:1      | 1081 ||| UPGRADING to +0 chain mail.
  1091 | D:1      | 1091 ||| DROPPING +0 scale mail.
  1092 | D:1      | 1092 ||| READING scroll labelled NEPSOCREAWN.
  1097 | D:1      | 1097 ||| READING 2 scrolls labelled BEWAJYI VUTANG.
  1097 | D:1      | Identified 2 scrolls of acquirement
  1097 | D:1      | 1097 ||| ACQUIRING -1 helmet "Qad Duun" {Rampage +Blink
                  | Str+5 Stlth+}
  1097 | D:1      | Acquired the -1 helmet "Qad Duun" {Rampage +Blink Str+5
                  | Stlth+}
  1099 | D:1      | 1099 ||| UPGRADING to -1 helmet "Qad Duun" {Rampage +Blink
                  | Str+5 Stlth+}.
  1104 | D:1      | 1104 ||| READING scroll of acquirement.
  1104 | D:1      | 1104 ||| ACQUIRING +0 vampiric war axe
  1104 | D:1      | Acquired a +0 vampiric war axe
  1106 | D:1      | 1106 ||| SWAPPING to +0 vampiric war axe.
  1107 | D:1      | 1107 ||| DROPPING +0 war axe.
  1167 | D:2      | Reached skill level 1 in Throwing
  1376 | D:2      | Found Enusezxo's One-of-a-Kind Rings.
  1381 | D:2      | 1381 ||| SHOPLISTING +2 ring of slaying (273 gold, have
                  | 43).
  1381 | D:2      | 1381 ||| SHOPLISTING +3 ring of strength (130 gold, have
                  | 43).
  1381 | D:2      | 1381 ||| SHOPLISTING +4 ring of dexterity (195 gold, have
                  | 43).
  1381 | D:2      | 1381 ||| SHOPLISTING +8 ring of slaying (2600 gold, have
                  | 43).
  1381 | D:2      | 1381 ||| SHOPLISTING ring of Gurot {Wiz Str+3} (562 gold,
                  | have 43).
  1646 | D:2      | You fall into a shaft and drop 2 floors!
  1653 | D:4      | Noticed Natasha
  1656 | D:4      | Killed Natasha
  1657 | D:4      | Reached XP level 4. HP: 28/28 MP: 4/4
  1707 | D:4      | Found Fixete Cedui's Jewellery Shoppe.
  1716 | D:4      | 1716 ||| SHOPLISTING +5 ring of evasion (504 gold, have
                  | 48).
  1716 | D:4      | 1716 ||| SHOPLISTING +6 ring of strength (504 gold, have
                  | 48).
  1716 | D:4      | 1716 ||| SHOPLISTING amulet of faith (560 gold, have 48).
  1716 | D:4      | 1716 ||| SHOPLISTING ring "Tuippil" {rPois rF+ rCorr Str+2
                  | Int+3} (681 gold, have 48).
  1716 | D:4      | 1716 ||| SHOPLISTING ring of willpower (350 gold, have 48).
  1723 | D:4      | Reached skill level 4 in Axes
  1731 | D:4      | Noticed a scorpion
  1732 | D:4      | 1732 ||| Stepping ~*~*~tactically~*~*~ (stealth).
  1752 | D:4      | Reached XP level 5. HP: 32/32 MP: 5/5
  1766 | D:4      | 1766 ||| UPGRADING to ring of positive energy.
  1767 | D:4      | 1767 ||| READING 4 scrolls labelled UVOVVEETSU.
  1768 | D:4      | 1768 ||| READING scroll labelled OFAYGE UHOESKE.
  1769 | D:4      | 1769 ||| READING scroll labelled JAOPUI WUOCW.
  1770 | D:4      | 1770 ||| READING 3 scrolls of identify.
  1770 | D:4      | 1770 ||| IDENTIFYING glowing yellow potion
  1771 | D:4      | 1771 ||| READING 2 scrolls of identify.
  1771 | D:4      | 1771 ||| IDENTIFYING puce potion
  1787 | D:3      | Noticed Grinder
  1788 | D:3      | Noticed Robin
  1800 | D:3      | Killed Grinder
  1801 | D:3      | Reached skill level 5 in Axes
  1801 | D:3      | Reached XP level 6. HP: 37/37 MP: 6/6
  1812 | D:3      | Killed Robin
  2001 | D:3      | 2001 ||| Stepping ~*~*~tactically~*~*~ (stealth).
  2075 | D:3      | 2075 ||| UPGRADING to amulet of faith.
  2080 | D:3      | 2080 ||| READING scroll labelled ZUOCSUE NOEWN.
  2081 | D:3      | 2081 ||| READING 2 scrolls labelled SUNGUE YQEFALY.
  2082 | D:3      | 2082 ||| READING scroll labelled HONARO IZYGONG.
  2083 | D:3      | 2083 ||| DRINKING 2 purple potions.
  2084 | D:3      | 2084 ||| DRINKING 4 potions of curing.
  2084 | D:3      | 2084 ||| (to cure confusion)
  2085 | D:3      | 2085 ||| DROPPING scroll of vulnerability.
  2086 | D:3      | 2086 ||| DROPPING potion of ambrosia.
  2249 | D:3      | 2249 ||| Stepping ~*~*~tactically~*~*~ (hiding).
  2250 | D:3      | 2250 ||| Stepping ~*~*~tactically~*~*~ (hiding).
  2276 | D:3      | 2276 ||| Stepping ~*~*~tactically~*~*~ (stealth).
  2328 | D:3      | 2328 ||| Stepping ~*~*~tactically~*~*~ (stealth).
  2476 | D:3      | Noticed Terence
  2488 | D:3      | Killed Terence
  2819 | D:4      | 2819 ||| Stepping ~*~*~tactically~*~*~ (stealth).
  2943 | D:4      | Found a staircase to the Ecumenical Temple.
  2944 | D:4      | 2944 ||| PLANNING TEMPLE
  2944 | D:4      | 2944 ||| UPGRADING to +0 pair of boots.
  2954 | Temple   | Entered the Ecumenical Temple
  3045 | Temple   | 3045 ||| PLANNING D:1-11
  3090 | D:4      | Noticed Natasha
  3091 | D:4      | 3091 ||| Stepping ~*~*~tactically~*~*~ (hiding).
  3106 | D:4      | Killed Natasha
  3107 | D:4      | Reached skill level 6 in Axes
  3107 | D:4      | Reached XP level 7. HP: 36/43 MP: 7/7
  3402 | D:4      | Reached skill level 1 in Dodging
  3490 | D:4      | Noticed Natasha
  3491 | D:4      | 3491 ||| Stepping ~*~*~tactically~*~*~ (stealth).
  3500 | D:4      | Killed Natasha
  3761 | D:5      | Entered Level 5 of the Dungeon
  3878 | D:5      | Found the +2 ratskin cloak {*Rats rPois rN+ Str-1 Int-1
                  | Dex+1}
  3912 | D:5      | 3912 ||| Stepping ~*~*~tactically~*~*~ (stealth).
  3934 | D:5      | 3934 ||| Stepping ~*~*~tactically~*~*~ (stealth).
  3936 | D:5      | 3936 ||| Stepping ~*~*~tactically~*~*~ (stealth).
  3938 | D:5      | 3938 ||| Stepping ~*~*~tactically~*~*~ (hiding).
  3977 | D:5      | 3977 ||| Stepping ~*~*~tactically~*~*~ (stealth).
  3994 | D:5      | Reached skill level 7 in Axes
  4295 | D:5      | Reached XP level 8. HP: 40/49 MP: 8/8
  4325 | D:5      | HP: 9/49 [water moccasin (4)]
  4326 | D:5      | 4326 ||| READING 2 scrolls of teleportation.
  4327 | D:5      | 4327 ||| DRINKING potion of heal wounds.
  4354 | D:5      | Reached skill level 8 in Axes
  4677 | D:5      | 4677 ||| Stepping ~*~*~tactically~*~*~ (stealth).
  4751 | D:5      | 4751 ||| Stepping ~*~*~tactically~*~*~ (stealth).
  4784 | D:5      | 4784 ||| Stepping ~*~*~tactically~*~*~ (stealth).
  4791 | D:5      | Reached skill level 6 in Fighting
  4830 | D:5      | 4830 ||| UPGRADING to +2 ratskin cloak {*Rats rPois rN+
                  | Str-1 Int-1 Dex+1}.
  4835 | D:5      | 4835 ||| READING scroll labelled RALUGO DAEDD.
  4836 | D:5      | 4836 ||| READING scroll labelled ODWEHY HUSORO.
  4837 | D:5      | 4837 ||| READING scroll labelled XUM DUYSHEDI.
  4838 | D:5      | 4838 ||| READING scroll labelled JUGUEKH ECHA.
  4839 | D:5      | 4839 ||| DRINKING 2 fizzy silvery potions.
  4840 | D:5      | 4840 ||| DRINKING 2 yellow potions.
  4908 | D:5      | 4908 ||| READING 2 scrolls of identify.
  4908 | D:5      | 4908 ||| IDENTIFYING fizzy inky potion
  4933 | D:5      | 4933 ||| Stepping ~*~*~tactically~*~*~ (stealth).
  5115 | D:6      | 5115 ||| Stepping ~*~*~tactically~*~*~ (hiding).
  5128 | D:6      | 5128 ||| DRINKING 4 potions of curing.
  5128 | D:6      | 5128 ||| (to cure confusion)
  5232 | D:6      | 5232 ||| DROPPING +0 flail.
  5265 | D:6      | Reached XP level 9. HP: 55/55 MP: 9/9
  5272 | D:6      | 5272 ||| Stepping ~*~*~tactically~*~*~ (stealth).
  5435 | D:6      | Reached skill level 9 in Axes
  5435 | D:6      | 5435 ||| READING 2 scrolls of identify.
  5435 | D:6      | 5435 ||| IDENTIFYING fizzy emerald potion
  5462 | D:6      | 5462 ||| DRINKING 3 potions of curing.
  5462 | D:6      | 5462 ||| (to cure confusion)
  5742 | D:6      | Found a broken altar of Ashenzari.
  5746 | D:6      | Found a hide-covered altar of Uskayaw.
  5942 | D:6      | 5942 ||| READING scroll labelled HEONOM MYNERO.
  5943 | D:6      | 5943 ||| DROPPING potion of degeneration.
  6330 | D:7      | 6330 ||| Stepping ~*~*~tactically~*~*~ (hiding).
  6331 | D:7      | 6331 ||| Stepping ~*~*~tactically~*~*~ (hiding).
  6373 | D:7      | 6373 ||| FLEEEEING.
  6374 | D:7      | 6374 ||| FLEEEEING.
  6376 | D:7      | 6376 ||| STAIRDANCE
  6433 | D:7      | Found an opulent altar of Gozag.
  6449 | D:7      | 6449 ||| Stepping ~*~*~tactically~*~*~ (hiding).
  6535 | D:7      | Found Gozag's Platinum Reserve.
  6564 | D:7      | 6564 ||| SHOPLISTING amulet of Ditim {Acrobat Int+3 Dex+3
                  | Stlth-} (4820 gold, have 318).
  6594 | D:7      | 6594 ||| UPGRADING to +0 plate armour.
  6604 | D:7      | 6604 ||| DROPPING +0 chain mail.
  6605 | D:7      | 6605 ||| READING 2 scrolls labelled VUX FUITTI.
  6606 | D:7      | 6606 ||| DROPPING scroll of fog.
  6670 | D:6      | 6670 ||| Stepping ~*~*~tactically~*~*~ (hiding).
  6772 | D:6      | 6772 ||| Stepping ~*~*~tactically~*~*~ (hiding).
  6874 | D:6      | 6874 ||| Stepping ~*~*~tactically~*~*~ (hiding).
  6976 | D:6      | 6976 ||| Stepping ~*~*~tactically~*~*~ (hiding).
  7078 | D:6      | 7078 ||| Stepping ~*~*~tactically~*~*~ (hiding).
  7180 | D:6      | 7180 ||| Stepping ~*~*~tactically~*~*~ (hiding).
  7282 | D:6      | 7282 ||| Stepping ~*~*~tactically~*~*~ (hiding).
  7384 | D:6      | 7384 ||| Stepping ~*~*~tactically~*~*~ (hiding).
  7486 | D:6      | 7486 ||| Stepping ~*~*~tactically~*~*~ (hiding).
  7588 | D:6      | 7588 ||| Stepping ~*~*~tactically~*~*~ (hiding).
  7690 | D:6      | 7690 ||| Stepping ~*~*~tactically~*~*~ (hiding).
  7792 | D:6      | 7792 ||| Stepping ~*~*~tactically~*~*~ (hiding).
  7894 | D:6      | 7894 ||| Stepping ~*~*~tactically~*~*~ (hiding).
  7996 | D:6      | 7996 ||| Stepping ~*~*~tactically~*~*~ (hiding).
  8098 | D:6      | 8098 ||| Stepping ~*~*~tactically~*~*~ (hiding).
  8200 | D:6      | 8200 ||| Stepping ~*~*~tactically~*~*~ (hiding).
  8302 | D:6      | 8302 ||| Stepping ~*~*~tactically~*~*~ (hiding).
  8404 | D:6      | 8404 ||| Stepping ~*~*~tactically~*~*~ (hiding).
  8506 | D:6      | 8506 ||| Stepping ~*~*~tactically~*~*~ (hiding).
  8608 | D:6      | 8608 ||| Stepping ~*~*~tactically~*~*~ (hiding).
  8710 | D:6      | 8710 ||| Stepping ~*~*~tactically~*~*~ (hiding).
  8812 | D:6      | 8812 ||| Stepping ~*~*~tactically~*~*~ (hiding).
  8914 | D:6      | 8914 ||| Stepping ~*~*~tactically~*~*~ (hiding).
  9016 | D:6      | 9016 ||| Stepping ~*~*~tactically~*~*~ (hiding).
  9118 | D:6      | 9118 ||| Stepping ~*~*~tactically~*~*~ (hiding).
  9220 | D:6      | 9220 ||| Stepping ~*~*~tactically~*~*~ (hiding).
  9322 | D:6      | 9322 ||| Stepping ~*~*~tactically~*~*~ (hiding).
  9424 | D:6      | 9424 ||| Stepping ~*~*~tactically~*~*~ (hiding).
  9526 | D:6      | 9526 ||| Stepping ~*~*~tactically~*~*~ (hiding).
  9628 | D:6      | 9628 ||| Stepping ~*~*~tactically~*~*~ (hiding).
  9730 | D:6      | 9730 ||| Stepping ~*~*~tactically~*~*~ (hiding).
  9832 | D:6      | 9832 ||| Stepping ~*~*~tactically~*~*~ (hiding).
  9934 | D:6      | 9934 ||| Stepping ~*~*~tactically~*~*~ (hiding).
 10036 | D:6      | 10036 ||| Stepping ~*~*~tactically~*~*~ (hiding).
 10138 | D:6      | 10138 ||| Stepping ~*~*~tactically~*~*~ (hiding).
 10240 | D:6      | 10240 ||| Stepping ~*~*~tactically~*~*~ (hiding).
 10342 | D:6      | 10342 ||| Stepping ~*~*~tactically~*~*~ (hiding).
 10444 | D:6      | 10444 ||| Stepping ~*~*~tactically~*~*~ (hiding).
 10546 | D:6      | 10546 ||| Stepping ~*~*~tactically~*~*~ (hiding).
 10648 | D:6      | 10648 ||| Stepping ~*~*~tactically~*~*~ (hiding).
 10750 | D:6      | 10750 ||| Stepping ~*~*~tactically~*~*~ (hiding).
 10852 | D:6      | 10852 ||| Stepping ~*~*~tactically~*~*~ (hiding).
 10954 | D:6      | 10954 ||| Stepping ~*~*~tactically~*~*~ (hiding).
 11056 | D:6      | 11056 ||| Stepping ~*~*~tactically~*~*~ (hiding).
 11158 | D:6      | 11158 ||| Stepping ~*~*~tactically~*~*~ (hiding).
 11260 | D:6      | 11260 ||| Stepping ~*~*~tactically~*~*~ (hiding).
 11362 | D:6      | 11362 ||| Stepping ~*~*~tactically~*~*~ (hiding).
 11464 | D:6      | 11464 ||| Stepping ~*~*~tactically~*~*~ (hiding).
 11566 | D:6      | 11566 ||| Stepping ~*~*~tactically~*~*~ (hiding).
 11668 | D:6      | 11668 ||| Stepping ~*~*~tactically~*~*~ (hiding).
 11770 | D:6      | 11770 ||| Stepping ~*~*~tactically~*~*~ (hiding).
 11872 | D:6      | 11872 ||| Stepping ~*~*~tactically~*~*~ (hiding).
 11974 | D:6      | 11974 ||| Stepping ~*~*~tactically~*~*~ (hiding).
 12076 | D:6      | 12076 ||| Stepping ~*~*~tactically~*~*~ (hiding).
 12178 | D:6      | 12178 ||| Stepping ~*~*~tactically~*~*~ (hiding).
 12280 | D:6      | 12280 ||| Stepping ~*~*~tactically~*~*~ (hiding).
 12382 | D:6      | 12382 ||| Stepping ~*~*~tactically~*~*~ (hiding).
 12484 | D:6      | 12484 ||| Stepping ~*~*~tactically~*~*~ (hiding).
 12586 | D:6      | 12586 ||| Stepping ~*~*~tactically~*~*~ (hiding).
 12688 | D:6      | 12688 ||| Stepping ~*~*~tactically~*~*~ (hiding).
 12790 | D:6      | 12790 ||| Stepping ~*~*~tactically~*~*~ (hiding).
 12892 | D:6      | 12892 ||| Stepping ~*~*~tactically~*~*~ (hiding).
 12994 | D:6      | 12994 ||| Stepping ~*~*~tactically~*~*~ (hiding).
 13096 | D:6      | 13096 ||| Stepping ~*~*~tactically~*~*~ (hiding).
 13198 | D:6      | 13198 ||| Stepping ~*~*~tactically~*~*~ (hiding).
 13300 | D:6      | 13300 ||| Stepping ~*~*~tactically~*~*~ (hiding).
 13402 | D:6      | 13402 ||| Stepping ~*~*~tactically~*~*~ (hiding).
 13504 | D:6      | 13504 ||| Stepping ~*~*~tactically~*~*~ (hiding).
 13606 | D:6      | 13606 ||| Stepping ~*~*~tactically~*~*~ (hiding).
 13708 | D:6      | 13708 ||| Stepping ~*~*~tactically~*~*~ (hiding).
 13810 | D:6      | 13810 ||| Stepping ~*~*~tactically~*~*~ (hiding).
 13912 | D:6      | 13912 ||| Stepping ~*~*~tactically~*~*~ (hiding).
 14014 | D:6      | 14014 ||| Stepping ~*~*~tactically~*~*~ (hiding).
 14116 | D:6      | 14116 ||| Stepping ~*~*~tactically~*~*~ (hiding).
 14218 | D:6      | 14218 ||| Stepping ~*~*~tactically~*~*~ (hiding).
 14320 | D:6      | 14320 ||| Stepping ~*~*~tactically~*~*~ (hiding).
 14422 | D:6      | 14422 ||| Stepping ~*~*~tactically~*~*~ (hiding).
 14524 | D:6      | 14524 ||| Stepping ~*~*~tactically~*~*~ (hiding).
 14626 | D:6      | 14626 ||| Stepping ~*~*~tactically~*~*~ (hiding).
 14728 | D:6      | 14728 ||| Stepping ~*~*~tactically~*~*~ (hiding).
 14830 | D:6      | 14830 ||| Stepping ~*~*~tactically~*~*~ (hiding).
 14932 | D:6      | 14932 ||| Stepping ~*~*~tactically~*~*~ (hiding).
 15034 | D:6      | 15034 ||| Stepping ~*~*~tactically~*~*~ (hiding).
 15136 | D:6      | 15136 ||| Stepping ~*~*~tactically~*~*~ (hiding).
 15238 | D:6      | 15238 ||| Stepping ~*~*~tactically~*~*~ (hiding).
 15340 | D:6      | 15340 ||| Stepping ~*~*~tactically~*~*~ (hiding).
 15442 | D:6      | 15442 ||| Stepping ~*~*~tactically~*~*~ (hiding).
 15544 | D:6      | 15544 ||| Stepping ~*~*~tactically~*~*~ (hiding).
 15646 | D:6      | 15646 ||| Stepping ~*~*~tactically~*~*~ (hiding).
 15748 | D:6      | 15748 ||| Stepping ~*~*~tactically~*~*~ (hiding).
 15850 | D:6      | 15850 ||| Stepping ~*~*~tactically~*~*~ (hiding).
 15952 | D:6      | 15952 ||| Stepping ~*~*~tactically~*~*~ (hiding).
 16054 | D:6      | 16054 ||| Stepping ~*~*~tactically~*~*~ (hiding).
 16156 | D:6      | 16156 ||| Stepping ~*~*~tactically~*~*~ (hiding).
 16258 | D:6      | 16258 ||| Stepping ~*~*~tactically~*~*~ (hiding).
 16360 | D:6      | 16360 ||| Stepping ~*~*~tactically~*~*~ (hiding).
 16462 | D:6      | 16462 ||| Stepping ~*~*~tactically~*~*~ (hiding).
 16564 | D:6      | 16564 ||| Stepping ~*~*~tactically~*~*~ (hiding).
 16666 | D:6      | 16666 ||| Stepping ~*~*~tactically~*~*~ (hiding).
 16768 | D:6      | 16768 ||| Stepping ~*~*~tactically~*~*~ (hiding).
 16870 | D:6      | 16870 ||| Stepping ~*~*~tactically~*~*~ (hiding).
 16972 | D:6      | 16972 ||| Stepping ~*~*~tactically~*~*~ (hiding).
 17074 | D:6      | 17074 ||| Stepping ~*~*~tactically~*~*~ (hiding).
 17176 | D:6      | 17176 ||| Stepping ~*~*~tactically~*~*~ (hiding).
 17278 | D:6      | 17278 ||| Stepping ~*~*~tactically~*~*~ (hiding).
 17380 | D:6      | 17380 ||| Stepping ~*~*~tactically~*~*~ (hiding).
 17482 | D:6      | 17482 ||| Stepping ~*~*~tactically~*~*~ (hiding).
 17584 | D:6      | 17584 ||| Stepping ~*~*~tactically~*~*~ (hiding).
 17686 | D:6      | 17686 ||| Stepping ~*~*~tactically~*~*~ (hiding).
 17788 | D:6      | 17788 ||| Stepping ~*~*~tactically~*~*~ (hiding).
 17890 | D:6      | 17890 ||| Stepping ~*~*~tactically~*~*~ (hiding).
 17992 | D:6      | 17992 ||| Stepping ~*~*~tactically~*~*~ (hiding).
 18094 | D:6      | 18094 ||| Stepping ~*~*~tactically~*~*~ (hiding).
 18196 | D:6      | 18196 ||| Stepping ~*~*~tactically~*~*~ (hiding).
 18298 | D:6      | 18298 ||| Stepping ~*~*~tactically~*~*~ (hiding).
 18400 | D:6      | 18400 ||| Stepping ~*~*~tactically~*~*~ (hiding).
 18502 | D:6      | 18502 ||| Stepping ~*~*~tactically~*~*~ (hiding).
 18604 | D:6      | 18604 ||| Stepping ~*~*~tactically~*~*~ (hiding).
 18706 | D:6      | 18706 ||| Stepping ~*~*~tactically~*~*~ (hiding).
 18808 | D:6      | 18808 ||| Stepping ~*~*~tactically~*~*~ (hiding).
 18910 | D:6      | 18910 ||| Stepping ~*~*~tactically~*~*~ (hiding).
 19012 | D:6      | 19012 ||| Stepping ~*~*~tactically~*~*~ (hiding).
 19114 | D:6      | 19114 ||| Stepping ~*~*~tactically~*~*~ (hiding).
 19216 | D:6      | 19216 ||| Stepping ~*~*~tactically~*~*~ (hiding).
 19318 | D:6      | 19318 ||| Stepping ~*~*~tactically~*~*~ (hiding).
 19420 | D:6      | 19420 ||| Stepping ~*~*~tactically~*~*~ (hiding).
 19522 | D:6      | 19522 ||| Stepping ~*~*~tactically~*~*~ (hiding).
 19624 | D:6      | 19624 ||| Stepping ~*~*~tactically~*~*~ (hiding).
 19726 | D:6      | 19726 ||| Stepping ~*~*~tactically~*~*~ (hiding).
 19828 | D:6      | 19828 ||| Stepping ~*~*~tactically~*~*~ (hiding).
 19930 | D:6      | 19930 ||| Stepping ~*~*~tactically~*~*~ (hiding).
 20032 | D:6      | 20032 ||| Stepping ~*~*~tactically~*~*~ (hiding).
 20134 | D:6      | 20134 ||| Stepping ~*~*~tactically~*~*~ (hiding).
 20236 | D:6      | 20236 ||| Stepping ~*~*~tactically~*~*~ (hiding).
 20338 | D:6      | 20338 ||| Stepping ~*~*~tactically~*~*~ (hiding).
 20440 | D:6      | 20440 ||| Stepping ~*~*~tactically~*~*~ (hiding).
 20542 | D:6      | 20542 ||| Stepping ~*~*~tactically~*~*~ (hiding).
 20644 | D:6      | 20644 ||| Stepping ~*~*~tactically~*~*~ (hiding).
 20746 | D:6      | 20746 ||| Stepping ~*~*~tactically~*~*~ (hiding).
 20848 | D:6      | 20848 ||| Stepping ~*~*~tactically~*~*~ (hiding).
 20950 | D:6      | 20950 ||| Stepping ~*~*~tactically~*~*~ (hiding).
 21052 | D:6      | 21052 ||| Stepping ~*~*~tactically~*~*~ (hiding).
 21154 | D:6      | 21154 ||| Stepping ~*~*~tactically~*~*~ (hiding).
 21256 | D:6      | 21256 ||| Stepping ~*~*~tactically~*~*~ (hiding).
 21358 | D:6      | 21358 ||| Stepping ~*~*~tactically~*~*~ (hiding).
 21460 | D:6      | 21460 ||| Stepping ~*~*~tactically~*~*~ (hiding).
 21562 | D:6      | 21562 ||| Stepping ~*~*~tactically~*~*~ (hiding).
 21664 | D:6      | 21664 ||| Stepping ~*~*~tactically~*~*~ (hiding).
 21766 | D:6      | 21766 ||| Stepping ~*~*~tactically~*~*~ (hiding).
 21868 | D:6      | 21868 ||| Stepping ~*~*~tactically~*~*~ (hiding).
 21970 | D:6      | 21970 ||| Stepping ~*~*~tactically~*~*~ (hiding).
 22072 | D:6      | 22072 ||| Stepping ~*~*~tactically~*~*~ (hiding).
 22174 | D:6      | 22174 ||| Stepping ~*~*~tactically~*~*~ (hiding).
 22276 | D:6      | 22276 ||| Stepping ~*~*~tactically~*~*~ (hiding).
 22378 | D:6      | 22378 ||| Stepping ~*~*~tactically~*~*~ (hiding).
 22480 | D:6      | 22480 ||| Stepping ~*~*~tactically~*~*~ (hiding).
 22582 | D:6      | 22582 ||| Stepping ~*~*~tactically~*~*~ (hiding).
 22684 | D:6      | 22684 ||| Stepping ~*~*~tactically~*~*~ (hiding).
 22786 | D:6      | 22786 ||| Stepping ~*~*~tactically~*~*~ (hiding).
 22888 | D:6      | 22888 ||| Stepping ~*~*~tactically~*~*~ (hiding).
 22990 | D:6      | 22990 ||| Stepping ~*~*~tactically~*~*~ (hiding).
 23092 | D:6      | 23092 ||| Stepping ~*~*~tactically~*~*~ (hiding).
 23194 | D:6      | 23194 ||| Stepping ~*~*~tactically~*~*~ (hiding).
 23296 | D:6      | 23296 ||| Stepping ~*~*~tactically~*~*~ (hiding).
 23398 | D:6      | 23398 ||| Stepping ~*~*~tactically~*~*~ (hiding).
 23500 | D:6      | 23500 ||| Stepping ~*~*~tactically~*~*~ (hiding).
 23602 | D:6      | 23602 ||| Stepping ~*~*~tactically~*~*~ (hiding).
 23704 | D:6      | 23704 ||| Stepping ~*~*~tactically~*~*~ (hiding).
 23806 | D:6      | 23806 ||| Stepping ~*~*~tactically~*~*~ (hiding).
 23908 | D:6      | 23908 ||| Stepping ~*~*~tactically~*~*~ (hiding).
 24010 | D:6      | 24010 ||| Stepping ~*~*~tactically~*~*~ (hiding).
 24112 | D:6      | 24112 ||| Stepping ~*~*~tactically~*~*~ (hiding).
 24214 | D:6      | 24214 ||| Stepping ~*~*~tactically~*~*~ (hiding).
 24316 | D:6      | 24316 ||| Stepping ~*~*~tactically~*~*~ (hiding).
 24418 | D:6      | 24418 ||| Stepping ~*~*~tactically~*~*~ (hiding).
 24520 | D:6      | 24520 ||| Stepping ~*~*~tactically~*~*~ (hiding).
 24622 | D:6      | 24622 ||| Stepping ~*~*~tactically~*~*~ (hiding).
 24724 | D:6      | 24724 ||| Stepping ~*~*~tactically~*~*~ (hiding).
 24826 | D:6      | 24826 ||| Stepping ~*~*~tactically~*~*~ (hiding).
 24928 | D:6      | 24928 ||| Stepping ~*~*~tactically~*~*~ (hiding).
 25030 | D:6      | 25030 ||| Stepping ~*~*~tactically~*~*~ (hiding).
 25132 | D:6      | 25132 ||| Stepping ~*~*~tactically~*~*~ (hiding).
 25234 | D:6      | 25234 ||| Stepping ~*~*~tactically~*~*~ (hiding).
 25336 | D:6      | 25336 ||| Stepping ~*~*~tactically~*~*~ (hiding).
 25438 | D:6      | 25438 ||| Stepping ~*~*~tactically~*~*~ (hiding).
 25540 | D:6      | 25540 ||| Stepping ~*~*~tactically~*~*~ (hiding).
 25642 | D:6      | 25642 ||| Stepping ~*~*~tactically~*~*~ (hiding).
 25744 | D:6      | 25744 ||| Stepping ~*~*~tactically~*~*~ (hiding).
 25846 | D:6      | 25846 ||| Stepping ~*~*~tactically~*~*~ (hiding).
 25948 | D:6      | 25948 ||| Stepping ~*~*~tactically~*~*~ (hiding).
 26050 | D:6      | 26050 ||| Stepping ~*~*~tactically~*~*~ (hiding).
 26152 | D:6      | 26152 ||| Stepping ~*~*~tactically~*~*~ (hiding).
 26254 | D:6      | 26254 ||| Stepping ~*~*~tactically~*~*~ (hiding).
 26356 | D:6      | 26356 ||| Stepping ~*~*~tactically~*~*~ (hiding).
 26458 | D:6      | 26458 ||| Stepping ~*~*~tactically~*~*~ (hiding).
 26560 | D:6      | 26560 ||| Stepping ~*~*~tactically~*~*~ (hiding).
 26662 | D:6      | 26662 ||| Stepping ~*~*~tactically~*~*~ (hiding).
 26764 | D:6      | 26764 ||| Stepping ~*~*~tactically~*~*~ (hiding).
 26866 | D:6      | 26866 ||| Stepping ~*~*~tactically~*~*~ (hiding).
 26968 | D:6      | 26968 ||| Stepping ~*~*~tactically~*~*~ (hiding).
 27070 | D:6      | 27070 ||| Stepping ~*~*~tactically~*~*~ (hiding).
 27172 | D:6      | 27172 ||| Stepping ~*~*~tactically~*~*~ (hiding).
 27274 | D:6      | 27274 ||| Stepping ~*~*~tactically~*~*~ (hiding).
 27376 | D:6      | 27376 ||| Stepping ~*~*~tactically~*~*~ (hiding).
 27478 | D:6      | 27478 ||| Stepping ~*~*~tactically~*~*~ (hiding).
 27580 | D:6      | 27580 ||| Stepping ~*~*~tactically~*~*~ (hiding).
 27682 | D:6      | 27682 ||| Stepping ~*~*~tactically~*~*~ (hiding).
 27784 | D:6      | 27784 ||| Stepping ~*~*~tactically~*~*~ (hiding).
 27886 | D:6      | 27886 ||| Stepping ~*~*~tactically~*~*~ (hiding).
 27988 | D:6      | 27988 ||| Stepping ~*~*~tactically~*~*~ (hiding).
 28090 | D:6      | 28090 ||| Stepping ~*~*~tactically~*~*~ (hiding).
 28192 | D:6      | 28192 ||| Stepping ~*~*~tactically~*~*~ (hiding).
 28294 | D:6      | 28294 ||| Stepping ~*~*~tactically~*~*~ (hiding).
 28396 | D:6      | 28396 ||| Stepping ~*~*~tactically~*~*~ (hiding).
 28498 | D:6      | 28498 ||| Stepping ~*~*~tactically~*~*~ (hiding).
 28600 | D:6      | 28600 ||| Stepping ~*~*~tactically~*~*~ (hiding).
 28702 | D:6      | 28702 ||| Stepping ~*~*~tactically~*~*~ (hiding).
 28804 | D:6      | 28804 ||| Stepping ~*~*~tactically~*~*~ (hiding).
 28906 | D:6      | 28906 ||| Stepping ~*~*~tactically~*~*~ (hiding).
 29008 | D:6      | 29008 ||| Stepping ~*~*~tactically~*~*~ (hiding).
 29110 | D:6      | 29110 ||| Stepping ~*~*~tactically~*~*~ (hiding).
 29212 | D:6      | 29212 ||| Stepping ~*~*~tactically~*~*~ (hiding).
 29314 | D:6      | 29314 ||| Stepping ~*~*~tactically~*~*~ (hiding).
 29416 | D:6      | 29416 ||| Stepping ~*~*~tactically~*~*~ (hiding).
 29518 | D:6      | 29518 ||| Stepping ~*~*~tactically~*~*~ (hiding).
 29620 | D:6      | 29620 ||| Stepping ~*~*~tactically~*~*~ (hiding).
 29722 | D:6      | 29722 ||| Stepping ~*~*~tactically~*~*~ (hiding).
 29824 | D:6      | 29824 ||| Stepping ~*~*~tactically~*~*~ (hiding).
 29926 | D:6      | 29926 ||| Stepping ~*~*~tactically~*~*~ (hiding).
 30028 | D:6      | 30028 ||| Stepping ~*~*~tactically~*~*~ (hiding).
 30130 | D:6      | 30130 ||| Stepping ~*~*~tactically~*~*~ (hiding).
 30232 | D:6      | 30232 ||| Stepping ~*~*~tactically~*~*~ (hiding).
 30334 | D:6      | 30334 ||| Stepping ~*~*~tactically~*~*~ (hiding).
 30436 | D:6      | 30436 ||| Stepping ~*~*~tactically~*~*~ (hiding).
 30538 | D:6      | 30538 ||| Stepping ~*~*~tactically~*~*~ (hiding).
 30640 | D:6      | 30640 ||| Stepping ~*~*~tactically~*~*~ (hiding).
 30742 | D:6      | 30742 ||| Stepping ~*~*~tactically~*~*~ (hiding).
 30844 | D:6      | 30844 ||| Stepping ~*~*~tactically~*~*~ (hiding).
 30946 | D:6      | 30946 ||| Stepping ~*~*~tactically~*~*~ (hiding).
 31048 | D:6      | 31048 ||| Stepping ~*~*~tactically~*~*~ (hiding).
 31150 | D:6      | 31150 ||| Stepping ~*~*~tactically~*~*~ (hiding).
 31252 | D:6      | 31252 ||| Stepping ~*~*~tactically~*~*~ (hiding).
 31354 | D:6      | 31354 ||| Stepping ~*~*~tactically~*~*~ (hiding).
 31456 | D:6      | 31456 ||| Stepping ~*~*~tactically~*~*~ (hiding).
 31558 | D:6      | 31558 ||| Stepping ~*~*~tactically~*~*~ (hiding).
 31660 | D:6      | 31660 ||| Stepping ~*~*~tactically~*~*~ (hiding).
 31762 | D:6      | 31762 ||| Stepping ~*~*~tactically~*~*~ (hiding).
 31864 | D:6      | 31864 ||| Stepping ~*~*~tactically~*~*~ (hiding).
 31966 | D:6      | 31966 ||| Stepping ~*~*~tactically~*~*~ (hiding).
 32068 | D:6      | 32068 ||| Stepping ~*~*~tactically~*~*~ (hiding).
 32170 | D:6      | 32170 ||| Stepping ~*~*~tactically~*~*~ (hiding).
 32272 | D:6      | 32272 ||| Stepping ~*~*~tactically~*~*~ (hiding).
 32324 | D:6      | Glimpsed the power of Zot.
 32326 | D:6      | 32326 ||| Stepping ~*~*~tactically~*~*~ (hiding).
 32337 | D:6      | 32337 ||| Stepping ~*~*~tactically~*~*~ (hiding).
 32348 | D:6      | 32348 ||| Stepping ~*~*~tactically~*~*~ (hiding).
 32359 | D:6      | 32359 ||| Stepping ~*~*~tactically~*~*~ (hiding).
 32370 | D:6      | 32370 ||| Stepping ~*~*~tactically~*~*~ (hiding).
 32381 | D:6      | 32381 ||| Stepping ~*~*~tactically~*~*~ (hiding).
 32392 | D:6      | 32392 ||| Stepping ~*~*~tactically~*~*~ (hiding).
 32403 | D:6      | 32403 ||| Stepping ~*~*~tactically~*~*~ (hiding).
 32414 | D:6      | 32414 ||| Stepping ~*~*~tactically~*~*~ (hiding).
 32425 | D:6      | 32425 ||| Stepping ~*~*~tactically~*~*~ (hiding).
 32436 | D:6      | 32436 ||| Stepping ~*~*~tactically~*~*~ (hiding).
 32447 | D:6      | 32447 ||| Stepping ~*~*~tactically~*~*~ (hiding).
 32458 | D:6      | 32458 ||| Stepping ~*~*~tactically~*~*~ (hiding).
 32469 | D:6      | 32469 ||| Stepping ~*~*~tactically~*~*~ (hiding).
 32480 | D:6      | 32480 ||| Stepping ~*~*~tactically~*~*~ (hiding).
 32491 | D:6      | 32491 ||| Stepping ~*~*~tactically~*~*~ (hiding).
 32502 | D:6      | 32502 ||| Stepping ~*~*~tactically~*~*~ (hiding).
 32513 | D:6      | 32513 ||| Stepping ~*~*~tactically~*~*~ (hiding).
 32524 | D:6      | 32524 ||| Stepping ~*~*~tactically~*~*~ (hiding).
 32535 | D:6      | 32535 ||| Stepping ~*~*~tactically~*~*~ (hiding).
 32546 | D:6      | 32546 ||| Stepping ~*~*~tactically~*~*~ (hiding).
 32557 | D:6      | 32557 ||| Stepping ~*~*~tactically~*~*~ (hiding).
 32568 | D:6      | 32568 ||| Stepping ~*~*~tactically~*~*~ (hiding).
 32579 | D:6      | 32579 ||| Stepping ~*~*~tactically~*~*~ (hiding).
 32590 | D:6      | 32590 ||| Stepping ~*~*~tactically~*~*~ (hiding).
 32601 | D:6      | 32601 ||| Stepping ~*~*~tactically~*~*~ (hiding).
 32612 | D:6      | 32612 ||| Stepping ~*~*~tactically~*~*~ (hiding).
 32623 | D:6      | 32623 ||| Stepping ~*~*~tactically~*~*~ (hiding).
 32634 | D:6      | 32634 ||| Stepping ~*~*~tactically~*~*~ (hiding).
 32645 | D:6      | 32645 ||| Stepping ~*~*~tactically~*~*~ (hiding).
 32656 | D:6      | 32656 ||| Stepping ~*~*~tactically~*~*~ (hiding).
 32667 | D:6      | 32667 ||| Stepping ~*~*~tactically~*~*~ (hiding).
 32678 | D:6      | 32678 ||| Stepping ~*~*~tactically~*~*~ (hiding).
 32689 | D:6      | 32689 ||| Stepping ~*~*~tactically~*~*~ (hiding).
 32700 | D:6      | 32700 ||| Stepping ~*~*~tactically~*~*~ (hiding).
 32711 | D:6      | 32711 ||| Stepping ~*~*~tactically~*~*~ (hiding).
 32722 | D:6      | 32722 ||| Stepping ~*~*~tactically~*~*~ (hiding).
 32733 | D:6      | 32733 ||| Stepping ~*~*~tactically~*~*~ (hiding).
 32744 | D:6      | 32744 ||| Stepping ~*~*~tactically~*~*~ (hiding).
 32755 | D:6      | 32755 ||| Stepping ~*~*~tactically~*~*~ (hiding).
 32766 | D:6      | 32766 ||| Stepping ~*~*~tactically~*~*~ (hiding).
 32777 | D:6      | 32777 ||| Stepping ~*~*~tactically~*~*~ (hiding).
 32788 | D:6      | 32788 ||| Stepping ~*~*~tactically~*~*~ (hiding).
 32799 | D:6      | 32799 ||| Stepping ~*~*~tactically~*~*~ (hiding).
 32810 | D:6      | 32810 ||| Stepping ~*~*~tactically~*~*~ (hiding).
 32821 | D:6      | 32821 ||| Stepping ~*~*~tactically~*~*~ (hiding).
 32824 | D:6      | Glimpsed the power of Zot.
 32832 | D:6      | 32832 ||| Stepping ~*~*~tactically~*~*~ (hiding).
 32843 | D:6      | 32843 ||| Stepping ~*~*~tactically~*~*~ (hiding).
 32854 | D:6      | 32854 ||| Stepping ~*~*~tactically~*~*~ (hiding).
 32865 | D:6      | 32865 ||| Stepping ~*~*~tactically~*~*~ (hiding).
 32876 | D:6      | 32876 ||| Stepping ~*~*~tactically~*~*~ (hiding).
 32887 | D:6      | 32887 ||| Stepping ~*~*~tactically~*~*~ (hiding).
 32898 | D:6      | 32898 ||| Stepping ~*~*~tactically~*~*~ (hiding).
 32909 | D:6      | 32909 ||| Stepping ~*~*~tactically~*~*~ (hiding).
 32920 | D:6      | 32920 ||| Stepping ~*~*~tactically~*~*~ (hiding).
 32931 | D:6      | 32931 ||| Stepping ~*~*~tactically~*~*~ (hiding).
 32942 | D:6      | 32942 ||| Stepping ~*~*~tactically~*~*~ (hiding).
 32953 | D:6      | 32953 ||| Stepping ~*~*~tactically~*~*~ (hiding).
 32964 | D:6      | 32964 ||| Stepping ~*~*~tactically~*~*~ (hiding).
 32975 | D:6      | 32975 ||| Stepping ~*~*~tactically~*~*~ (hiding).
 32986 | D:6      | 32986 ||| Stepping ~*~*~tactically~*~*~ (hiding).
 32997 | D:6      | 32997 ||| Stepping ~*~*~tactically~*~*~ (hiding).
 33008 | D:6      | 33008 ||| Stepping ~*~*~tactically~*~*~ (hiding).
 33019 | D:6      | 33019 ||| Stepping ~*~*~tactically~*~*~ (hiding).
 33030 | D:6      | 33030 ||| Stepping ~*~*~tactically~*~*~ (hiding).
 33041 | D:6      | 33041 ||| Stepping ~*~*~tactically~*~*~ (hiding).
 33052 | D:6      | 33052 ||| Stepping ~*~*~tactically~*~*~ (hiding).
 33063 | D:6      | 33063 ||| Stepping ~*~*~tactically~*~*~ (hiding).
 33074 | D:6      | 33074 ||| Stepping ~*~*~tactically~*~*~ (hiding).
 33085 | D:6      | 33085 ||| Stepping ~*~*~tactically~*~*~ (hiding).
 33096 | D:6      | 33096 ||| Stepping ~*~*~tactically~*~*~ (hiding).
 33107 | D:6      | 33107 ||| Stepping ~*~*~tactically~*~*~ (hiding).
 33118 | D:6      | 33118 ||| Stepping ~*~*~tactically~*~*~ (hiding).
 33129 | D:6      | 33129 ||| Stepping ~*~*~tactically~*~*~ (hiding).
 33140 | D:6      | 33140 ||| Stepping ~*~*~tactically~*~*~ (hiding).
 33151 | D:6      | 33151 ||| Stepping ~*~*~tactically~*~*~ (hiding).
 33162 | D:6      | 33162 ||| Stepping ~*~*~tactically~*~*~ (hiding).
 33173 | D:6      | 33173 ||| Stepping ~*~*~tactically~*~*~ (hiding).
 33184 | D:6      | 33184 ||| Stepping ~*~*~tactically~*~*~ (hiding).
 33195 | D:6      | 33195 ||| Stepping ~*~*~tactically~*~*~ (hiding).
 33206 | D:6      | 33206 ||| Stepping ~*~*~tactically~*~*~ (hiding).
 33217 | D:6      | 33217 ||| Stepping ~*~*~tactically~*~*~ (hiding).
 33224 | D:6      | Glimpsed the power of Zot.
 33228 | D:6      | 33228 ||| Stepping ~*~*~tactically~*~*~ (hiding).
 33239 | D:6      | 33239 ||| Stepping ~*~*~tactically~*~*~ (hiding).
 33250 | D:6      | 33250 ||| Stepping ~*~*~tactically~*~*~ (hiding).
 33261 | D:6      | 33261 ||| Stepping ~*~*~tactically~*~*~ (hiding).
 33272 | D:6      | 33272 ||| Stepping ~*~*~tactically~*~*~ (hiding).
 33283 | D:6      | 33283 ||| Stepping ~*~*~tactically~*~*~ (hiding).
 33294 | D:6      | 33294 ||| Stepping ~*~*~tactically~*~*~ (hiding).
 33305 | D:6      | 33305 ||| Stepping ~*~*~tactically~*~*~ (hiding).
 33316 | D:6      | 33316 ||| Stepping ~*~*~tactically~*~*~ (hiding).
 33324 | D:6      | Touched by the power of Zot.
 33325 | D:6      | Glimpsed the power of Zot.
 33327 | D:6      | 33327 ||| Stepping ~*~*~tactically~*~*~ (hiding).
 33338 | D:6      | 33338 ||| Stepping ~*~*~tactically~*~*~ (hiding).
 33349 | D:6      | 33349 ||| Stepping ~*~*~tactically~*~*~ (hiding).
 33360 | D:6      | 33360 ||| Stepping ~*~*~tactically~*~*~ (hiding).
 33371 | D:6      | 33371 ||| Stepping ~*~*~tactically~*~*~ (hiding).
 33382 | D:6      | 33382 ||| Stepping ~*~*~tactically~*~*~ (hiding).
 33393 | D:6      | 33393 ||| Stepping ~*~*~tactically~*~*~ (hiding).
 33404 | D:6      | 33404 ||| Stepping ~*~*~tactically~*~*~ (hiding).
 33415 | D:6      | 33415 ||| Stepping ~*~*~tactically~*~*~ (hiding).
 33426 | D:6      | 33426 ||| Stepping ~*~*~tactically~*~*~ (hiding).
 33437 | D:6      | 33437 ||| Stepping ~*~*~tactically~*~*~ (hiding).
 33448 | D:6      | 33448 ||| Stepping ~*~*~tactically~*~*~ (hiding).
 33459 | D:6      | 33459 ||| Stepping ~*~*~tactically~*~*~ (hiding).
 33470 | D:6      | 33470 ||| Stepping ~*~*~tactically~*~*~ (hiding).
 33481 | D:6      | 33481 ||| Stepping ~*~*~tactically~*~*~ (hiding).
 33492 | D:6      | 33492 ||| Stepping ~*~*~tactically~*~*~ (hiding).
 33503 | D:6      | 33503 ||| Stepping ~*~*~tactically~*~*~ (hiding).
 33514 | D:6      | 33514 ||| Stepping ~*~*~tactically~*~*~ (hiding).
 33525 | D:6      | 33525 ||| Stepping ~*~*~tactically~*~*~ (hiding).
 33536 | D:6      | 33536 ||| Stepping ~*~*~tactically~*~*~ (hiding).
 33547 | D:6      | 33547 ||| Stepping ~*~*~tactically~*~*~ (hiding).
 33558 | D:6      | 33558 ||| Stepping ~*~*~tactically~*~*~ (hiding).
 33569 | D:6      | 33569 ||| Stepping ~*~*~tactically~*~*~ (hiding).
 33580 | D:6      | 33580 ||| Stepping ~*~*~tactically~*~*~ (hiding).
 33591 | D:6      | 33591 ||| Stepping ~*~*~tactically~*~*~ (hiding).
 33602 | D:6      | 33602 ||| Stepping ~*~*~tactically~*~*~ (hiding).
 33613 | D:6      | 33613 ||| Stepping ~*~*~tactically~*~*~ (hiding).
 33624 | D:6      | 33624 ||| Stepping ~*~*~tactically~*~*~ (hiding).
 33635 | D:6      | 33635 ||| Stepping ~*~*~tactically~*~*~ (hiding).
 33646 | D:6      | 33646 ||| Stepping ~*~*~tactically~*~*~ (hiding).
 33657 | D:6      | 33657 ||| Stepping ~*~*~tactically~*~*~ (hiding).
 33668 | D:6      | 33668 ||| Stepping ~*~*~tactically~*~*~ (hiding).
 33679 | D:6      | 33679 ||| Stepping ~*~*~tactically~*~*~ (hiding).
 33690 | D:6      | 33690 ||| Stepping ~*~*~tactically~*~*~ (hiding).
 33701 | D:6      | 33701 ||| Stepping ~*~*~tactically~*~*~ (hiding).
 33712 | D:6      | 33712 ||| Stepping ~*~*~tactically~*~*~ (hiding).
 33723 | D:6      | 33723 ||| Stepping ~*~*~tactically~*~*~ (hiding).
 33734 | D:6      | 33734 ||| Stepping ~*~*~tactically~*~*~ (hiding).
 33745 | D:6      | 33745 ||| Stepping ~*~*~tactically~*~*~ (hiding).
 33756 | D:6      | 33756 ||| Stepping ~*~*~tactically~*~*~ (hiding).
 33767 | D:6      | 33767 ||| Stepping ~*~*~tactically~*~*~ (hiding).
 33778 | D:6      | 33778 ||| Stepping ~*~*~tactically~*~*~ (hiding).
 33789 | D:6      | 33789 ||| Stepping ~*~*~tactically~*~*~ (hiding).
 33800 | D:6      | 33800 ||| Stepping ~*~*~tactically~*~*~ (hiding).
 33811 | D:6      | 33811 ||| Stepping ~*~*~tactically~*~*~ (hiding).
 33822 | D:6      | 33822 ||| Stepping ~*~*~tactically~*~*~ (hiding).
 33825 | D:6      | Glimpsed the power of Zot.
 33833 | D:6      | 33833 ||| Stepping ~*~*~tactically~*~*~ (hiding).
 33844 | D:6      | 33844 ||| Stepping ~*~*~tactically~*~*~ (hiding).
 33855 | D:6      | 33855 ||| Stepping ~*~*~tactically~*~*~ (hiding).
 33866 | D:6      | 33866 ||| Stepping ~*~*~tactically~*~*~ (hiding).
 33877 | D:6      | 33877 ||| Stepping ~*~*~tactically~*~*~ (hiding).
 33888 | D:6      | 33888 ||| Stepping ~*~*~tactically~*~*~ (hiding).
 33899 | D:6      | 33899 ||| Stepping ~*~*~tactically~*~*~ (hiding).
 33910 | D:6      | 33910 ||| Stepping ~*~*~tactically~*~*~ (hiding).
 33921 | D:6      | 33921 ||| Stepping ~*~*~tactically~*~*~ (hiding).
 33932 | D:6      | 33932 ||| Stepping ~*~*~tactically~*~*~ (hiding).
 33943 | D:6      | 33943 ||| Stepping ~*~*~tactically~*~*~ (hiding).
 33954 | D:6      | 33954 ||| Stepping ~*~*~tactically~*~*~ (hiding).
 33965 | D:6      | 33965 ||| Stepping ~*~*~tactically~*~*~ (hiding).
 33976 | D:6      | 33976 ||| Stepping ~*~*~tactically~*~*~ (hiding).
 33987 | D:6      | 33987 ||| Stepping ~*~*~tactically~*~*~ (hiding).
 33998 | D:6      | 33998 ||| Stepping ~*~*~tactically~*~*~ (hiding).
 34009 | D:6      | 34009 ||| Stepping ~*~*~tactically~*~*~ (hiding).
 34020 | D:6      | 34020 ||| Stepping ~*~*~tactically~*~*~ (hiding).
 34031 | D:6      | 34031 ||| Stepping ~*~*~tactically~*~*~ (hiding).
 34042 | D:6      | 34042 ||| Stepping ~*~*~tactically~*~*~ (hiding).
 34053 | D:6      | 34053 ||| Stepping ~*~*~tactically~*~*~ (hiding).
 34064 | D:6      | 34064 ||| Stepping ~*~*~tactically~*~*~ (hiding).
 34075 | D:6      | 34075 ||| Stepping ~*~*~tactically~*~*~ (hiding).
 34086 | D:6      | 34086 ||| Stepping ~*~*~tactically~*~*~ (hiding).
 34097 | D:6      | 34097 ||| Stepping ~*~*~tactically~*~*~ (hiding).
 34108 | D:6      | 34108 ||| Stepping ~*~*~tactically~*~*~ (hiding).
 34119 | D:6      | 34119 ||| Stepping ~*~*~tactically~*~*~ (hiding).
 34130 | D:6      | 34130 ||| Stepping ~*~*~tactically~*~*~ (hiding).
 34141 | D:6      | 34141 ||| Stepping ~*~*~tactically~*~*~ (hiding).
 34152 | D:6      | 34152 ||| Stepping ~*~*~tactically~*~*~ (hiding).
 34163 | D:6      | 34163 ||| Stepping ~*~*~tactically~*~*~ (hiding).
 34174 | D:6      | 34174 ||| Stepping ~*~*~tactically~*~*~ (hiding).
 34185 | D:6      | 34185 ||| Stepping ~*~*~tactically~*~*~ (hiding).
 34196 | D:6      | 34196 ||| Stepping ~*~*~tactically~*~*~ (hiding).
 34207 | D:6      | 34207 ||| Stepping ~*~*~tactically~*~*~ (hiding).
 34218 | D:6      | 34218 ||| Stepping ~*~*~tactically~*~*~ (hiding).
 34225 | D:6      | Glimpsed the power of Zot.
 34229 | D:6      | 34229 ||| Stepping ~*~*~tactically~*~*~ (hiding).
 34240 | D:6      | 34240 ||| Stepping ~*~*~tactically~*~*~ (hiding).
 34251 | D:6      | 34251 ||| Stepping ~*~*~tactically~*~*~ (hiding).
 34262 | D:6      | 34262 ||| Stepping ~*~*~tactically~*~*~ (hiding).
 34273 | D:6      | 34273 ||| Stepping ~*~*~tactically~*~*~ (hiding).
 34284 | D:6      | 34284 ||| Stepping ~*~*~tactically~*~*~ (hiding).
 34295 | D:6      | 34295 ||| Stepping ~*~*~tactically~*~*~ (hiding).
 34306 | D:6      | 34306 ||| Stepping ~*~*~tactically~*~*~ (hiding).
 34317 | D:6      | 34317 ||| Stepping ~*~*~tactically~*~*~ (hiding).
 34324 | D:6      | Touched by the power of Zot.
 34325 | D:6      | Glimpsed the power of Zot.
 34328 | D:6      | 34328 ||| Stepping ~*~*~tactically~*~*~ (hiding).
 34339 | D:6      | 34339 ||| Stepping ~*~*~tactically~*~*~ (hiding).
 34350 | D:6      | 34350 ||| Stepping ~*~*~tactically~*~*~ (hiding).
 34361 | D:6      | 34361 ||| Stepping ~*~*~tactically~*~*~ (hiding).
 34372 | D:6      | 34372 ||| Stepping ~*~*~tactically~*~*~ (hiding).
 34383 | D:6      | 34383 ||| Stepping ~*~*~tactically~*~*~ (hiding).
 34394 | D:6      | 34394 ||| Stepping ~*~*~tactically~*~*~ (hiding).
 34405 | D:6      | 34405 ||| Stepping ~*~*~tactically~*~*~ (hiding).
 34416 | D:6      | 34416 ||| Stepping ~*~*~tactically~*~*~ (hiding).
 34427 | D:6      | 34427 ||| Stepping ~*~*~tactically~*~*~ (hiding).
 34438 | D:6      | 34438 ||| Stepping ~*~*~tactically~*~*~ (hiding).
 34449 | D:6      | 34449 ||| Stepping ~*~*~tactically~*~*~ (hiding).
 34460 | D:6      | 34460 ||| Stepping ~*~*~tactically~*~*~ (hiding).
 34471 | D:6      | 34471 ||| Stepping ~*~*~tactically~*~*~ (hiding).
 34482 | D:6      | 34482 ||| Stepping ~*~*~tactically~*~*~ (hiding).
 34493 | D:6      | 34493 ||| Stepping ~*~*~tactically~*~*~ (hiding).
 34504 | D:6      | 34504 ||| Stepping ~*~*~tactically~*~*~ (hiding).
 34515 | D:6      | 34515 ||| Stepping ~*~*~tactically~*~*~ (hiding).
 34526 | D:6      | 34526 ||| Stepping ~*~*~tactically~*~*~ (hiding).
 34537 | D:6      | 34537 ||| Stepping ~*~*~tactically~*~*~ (hiding).
 34548 | D:6      | 34548 ||| Stepping ~*~*~tactically~*~*~ (hiding).
 34559 | D:6      | 34559 ||| Stepping ~*~*~tactically~*~*~ (hiding).
 34570 | D:6      | 34570 ||| Stepping ~*~*~tactically~*~*~ (hiding).
 34581 | D:6      | 34581 ||| Stepping ~*~*~tactically~*~*~ (hiding).
 34592 | D:6      | 34592 ||| Stepping ~*~*~tactically~*~*~ (hiding).
 34603 | D:6      | 34603 ||| Stepping ~*~*~tactically~*~*~ (hiding).
 34614 | D:6      | 34614 ||| Stepping ~*~*~tactically~*~*~ (hiding).
 34625 | D:6      | 34625 ||| Stepping ~*~*~tactically~*~*~ (hiding).
 34636 | D:6      | 34636 ||| Stepping ~*~*~tactically~*~*~ (hiding).
 34647 | D:6      | 34647 ||| Stepping ~*~*~tactically~*~*~ (hiding).
 34658 | D:6      | 34658 ||| Stepping ~*~*~tactically~*~*~ (hiding).
 34669 | D:6      | 34669 ||| Stepping ~*~*~tactically~*~*~ (hiding).
 34680 | D:6      | 34680 ||| Stepping ~*~*~tactically~*~*~ (hiding).
 34691 | D:6      | 34691 ||| Stepping ~*~*~tactically~*~*~ (hiding).
 34702 | D:6      | 34702 ||| Stepping ~*~*~tactically~*~*~ (hiding).
 34713 | D:6      | 34713 ||| Stepping ~*~*~tactically~*~*~ (hiding).
 34724 | D:6      | 34724 ||| Stepping ~*~*~tactically~*~*~ (hiding).
 34735 | D:6      | 34735 ||| Stepping ~*~*~tactically~*~*~ (hiding).
 34746 | D:6      | 34746 ||| Stepping ~*~*~tactically~*~*~ (hiding).
 34757 | D:6      | 34757 ||| Stepping ~*~*~tactically~*~*~ (hiding).
 34768 | D:6      | 34768 ||| Stepping ~*~*~tactically~*~*~ (hiding).
 34779 | D:6      | 34779 ||| Stepping ~*~*~tactically~*~*~ (hiding).
 34790 | D:6      | 34790 ||| Stepping ~*~*~tactically~*~*~ (hiding).
 34801 | D:6      | 34801 ||| Stepping ~*~*~tactically~*~*~ (hiding).
 34812 | D:6      | 34812 ||| Stepping ~*~*~tactically~*~*~ (hiding).
 34823 | D:6      | 34823 ||| Stepping ~*~*~tactically~*~*~ (hiding).
 34825 | D:6      | Glimpsed the power of Zot.
 34834 | D:6      | 34834 ||| Stepping ~*~*~tactically~*~*~ (hiding).
 34845 | D:6      | 34845 ||| Stepping ~*~*~tactically~*~*~ (hiding).
 34856 | D:6      | 34856 ||| Stepping ~*~*~tactically~*~*~ (hiding).
 34867 | D:6      | 34867 ||| Stepping ~*~*~tactically~*~*~ (hiding).
 34878 | D:6      | 34878 ||| Stepping ~*~*~tactically~*~*~ (hiding).
 34889 | D:6      | 34889 ||| Stepping ~*~*~tactically~*~*~ (hiding).
 34900 | D:6      | 34900 ||| Stepping ~*~*~tactically~*~*~ (hiding).
 34911 | D:6      | 34911 ||| Stepping ~*~*~tactically~*~*~ (hiding).
 34922 | D:6      | 34922 ||| Stepping ~*~*~tactically~*~*~ (hiding).
 34933 | D:6      | 34933 ||| Stepping ~*~*~tactically~*~*~ (hiding).
 34944 | D:6      | 34944 ||| Stepping ~*~*~tactically~*~*~ (hiding).
 34955 | D:6      | 34955 ||| Stepping ~*~*~tactically~*~*~ (hiding).
 34966 | D:6      | 34966 ||| Stepping ~*~*~tactically~*~*~ (hiding).
 34977 | D:6      | 34977 ||| Stepping ~*~*~tactically~*~*~ (hiding).
 34988 | D:6      | 34988 ||| Stepping ~*~*~tactically~*~*~ (hiding).
 34999 | D:6      | 34999 ||| Stepping ~*~*~tactically~*~*~ (hiding).
 35010 | D:6      | 35010 ||| Stepping ~*~*~tactically~*~*~ (hiding).
 35021 | D:6      | 35021 ||| Stepping ~*~*~tactically~*~*~ (hiding).
 35032 | D:6      | 35032 ||| Stepping ~*~*~tactically~*~*~ (hiding).
 35043 | D:6      | 35043 ||| Stepping ~*~*~tactically~*~*~ (hiding).
 35054 | D:6      | 35054 ||| Stepping ~*~*~tactically~*~*~ (hiding).
 35065 | D:6      | 35065 ||| Stepping ~*~*~tactically~*~*~ (hiding).
 35076 | D:6      | 35076 ||| Stepping ~*~*~tactically~*~*~ (hiding).
 35087 | D:6      | 35087 ||| Stepping ~*~*~tactically~*~*~ (hiding).
 35098 | D:6      | 35098 ||| Stepping ~*~*~tactically~*~*~ (hiding).
 35109 | D:6      | 35109 ||| Stepping ~*~*~tactically~*~*~ (hiding).
 35120 | D:6      | 35120 ||| Stepping ~*~*~tactically~*~*~ (hiding).
 35131 | D:6      | 35131 ||| Stepping ~*~*~tactically~*~*~ (hiding).
 35142 | D:6      | 35142 ||| Stepping ~*~*~tactically~*~*~ (hiding).
 35153 | D:6      | 35153 ||| Stepping ~*~*~tactically~*~*~ (hiding).
 35164 | D:6      | 35164 ||| Stepping ~*~*~tactically~*~*~ (hiding).
 35175 | D:6      | 35175 ||| Stepping ~*~*~tactically~*~*~ (hiding).
 35186 | D:6      | 35186 ||| Stepping ~*~*~tactically~*~*~ (hiding).
 35197 | D:6      | 35197 ||| Stepping ~*~*~tactically~*~*~ (hiding).
 35208 | D:6      | 35208 ||| Stepping ~*~*~tactically~*~*~ (hiding).
 35219 | D:6      | 35219 ||| Stepping ~*~*~tactically~*~*~ (hiding).
 35225 | D:6      | Glimpsed the power of Zot.
 35230 | D:6      | 35230 ||| Stepping ~*~*~tactically~*~*~ (hiding).
 35241 | D:6      | 35241 ||| Stepping ~*~*~tactically~*~*~ (hiding).
 35252 | D:6      | 35252 ||| Stepping ~*~*~tactically~*~*~ (hiding).
 35263 | D:6      | 35263 ||| Stepping ~*~*~tactically~*~*~ (hiding).
 35274 | D:6      | 35274 ||| Stepping ~*~*~tactically~*~*~ (hiding).
 35285 | D:6      | 35285 ||| Stepping ~*~*~tactically~*~*~ (hiding).
 35296 | D:6      | 35296 ||| Stepping ~*~*~tactically~*~*~ (hiding).
 35307 | D:6      | 35307 ||| Stepping ~*~*~tactically~*~*~ (hiding).
 35318 | D:6      | 35318 ||| Stepping ~*~*~tactically~*~*~ (hiding).
 35324 | D:6      | Touched by the power of Zot.
 35325 | D:6      | Glimpsed the power of Zot.
 35329 | D:6      | 35329 ||| Stepping ~*~*~tactically~*~*~ (hiding).
 35340 | D:6      | 35340 ||| Stepping ~*~*~tactically~*~*~ (hiding).
 35351 | D:6      | 35351 ||| Stepping ~*~*~tactically~*~*~ (hiding).
 35362 | D:6      | 35362 ||| Stepping ~*~*~tactically~*~*~ (hiding).
 35373 | D:6      | 35373 ||| Stepping ~*~*~tactically~*~*~ (hiding).
 35384 | D:6      | 35384 ||| Stepping ~*~*~tactically~*~*~ (hiding).
 35395 | D:6      | 35395 ||| Stepping ~*~*~tactically~*~*~ (hiding).
 35406 | D:6      | 35406 ||| Stepping ~*~*~tactically~*~*~ (hiding).
 35417 | D:6      | 35417 ||| Stepping ~*~*~tactically~*~*~ (hiding).
 35428 | D:6      | 35428 ||| Stepping ~*~*~tactically~*~*~ (hiding).
 35439 | D:6      | 35439 ||| Stepping ~*~*~tactically~*~*~ (hiding).
 35450 | D:6      | 35450 ||| Stepping ~*~*~tactically~*~*~ (hiding).
 35461 | D:6      | 35461 ||| Stepping ~*~*~tactically~*~*~ (hiding).
 35472 | D:6      | 35472 ||| Stepping ~*~*~tactically~*~*~ (hiding).
 35483 | D:6      | 35483 ||| Stepping ~*~*~tactically~*~*~ (hiding).
 35494 | D:6      | 35494 ||| Stepping ~*~*~tactically~*~*~ (hiding).
 35505 | D:6      | 35505 ||| Stepping ~*~*~tactically~*~*~ (hiding).
 35516 | D:6      | 35516 ||| Stepping ~*~*~tactically~*~*~ (hiding).
 35527 | D:6      | 35527 ||| Stepping ~*~*~tactically~*~*~ (hiding).
 35538 | D:6      | 35538 ||| Stepping ~*~*~tactically~*~*~ (hiding).
 35549 | D:6      | 35549 ||| Stepping ~*~*~tactically~*~*~ (hiding).
 35560 | D:6      | 35560 ||| Stepping ~*~*~tactically~*~*~ (hiding).
 35571 | D:6      | 35571 ||| Stepping ~*~*~tactically~*~*~ (hiding).
 35582 | D:6      | 35582 ||| Stepping ~*~*~tactically~*~*~ (hiding).
 35593 | D:6      | 35593 ||| Stepping ~*~*~tactically~*~*~ (hiding).
 35604 | D:6      | 35604 ||| Stepping ~*~*~tactically~*~*~ (hiding).
 35615 | D:6      | 35615 ||| Stepping ~*~*~tactically~*~*~ (hiding).
 35626 | D:6      | 35626 ||| Stepping ~*~*~tactically~*~*~ (hiding).
 35637 | D:6      | 35637 ||| Stepping ~*~*~tactically~*~*~ (hiding).
 35648 | D:6      | 35648 ||| Stepping ~*~*~tactically~*~*~ (hiding).
 35659 | D:6      | 35659 ||| Stepping ~*~*~tactically~*~*~ (hiding).
 35670 | D:6      | 35670 ||| Stepping ~*~*~tactically~*~*~ (hiding).
 35681 | D:6      | 35681 ||| Stepping ~*~*~tactically~*~*~ (hiding).
 35692 | D:6      | 35692 ||| Stepping ~*~*~tactically~*~*~ (hiding).
 35703 | D:6      | 35703 ||| Stepping ~*~*~tactically~*~*~ (hiding).
 35714 | D:6      | 35714 ||| Stepping ~*~*~tactically~*~*~ (hiding).
 35725 | D:6      | 35725 ||| Stepping ~*~*~tactically~*~*~ (hiding).
 35736 | D:6      | 35736 ||| Stepping ~*~*~tactically~*~*~ (hiding).
 35747 | D:6      | 35747 ||| Stepping ~*~*~tactically~*~*~ (hiding).
 35758 | D:6      | 35758 ||| Stepping ~*~*~tactically~*~*~ (hiding).
 35769 | D:6      | 35769 ||| Stepping ~*~*~tactically~*~*~ (hiding).
 35780 | D:6      | 35780 ||| Stepping ~*~*~tactically~*~*~ (hiding).
 35791 | D:6      | 35791 ||| Stepping ~*~*~tactically~*~*~ (hiding).
 35802 | D:6      | 35802 ||| Stepping ~*~*~tactically~*~*~ (hiding).
 35813 | D:6      | 35813 ||| Stepping ~*~*~tactically~*~*~ (hiding).
 35824 | D:6      | 35824 ||| Stepping ~*~*~tactically~*~*~ (hiding).
 35825 | D:6      | Glimpsed the power of Zot.
 35835 | D:6      | 35835 ||| Stepping ~*~*~tactically~*~*~ (hiding).
 35846 | D:6      | 35846 ||| Stepping ~*~*~tactically~*~*~ (hiding).
 35857 | D:6      | 35857 ||| Stepping ~*~*~tactically~*~*~ (hiding).
 35868 | D:6      | 35868 ||| Stepping ~*~*~tactically~*~*~ (hiding).
 35879 | D:6      | 35879 ||| Stepping ~*~*~tactically~*~*~ (hiding).
 35890 | D:6      | 35890 ||| Stepping ~*~*~tactically~*~*~ (hiding).
 35901 | D:6      | 35901 ||| Stepping ~*~*~tactically~*~*~ (hiding).
 35912 | D:6      | 35912 ||| Stepping ~*~*~tactically~*~*~ (hiding).
 35923 | D:6      | 35923 ||| Stepping ~*~*~tactically~*~*~ (hiding).
 35934 | D:6      | 35934 ||| Stepping ~*~*~tactically~*~*~ (hiding).
 35945 | D:6      | 35945 ||| Stepping ~*~*~tactically~*~*~ (hiding).
 35956 | D:6      | 35956 ||| Stepping ~*~*~tactically~*~*~ (hiding).
 35967 | D:6      | 35967 ||| Stepping ~*~*~tactically~*~*~ (hiding).
 35978 | D:6      | 35978 ||| Stepping ~*~*~tactically~*~*~ (hiding).
 35989 | D:6      | 35989 ||| Stepping ~*~*~tactically~*~*~ (hiding).
 36000 | D:6      | 36000 ||| Stepping ~*~*~tactically~*~*~ (hiding).
 36011 | D:6      | 36011 ||| Stepping ~*~*~tactically~*~*~ (hiding).
 36022 | D:6      | 36022 ||| Stepping ~*~*~tactically~*~*~ (hiding).
 36033 | D:6      | 36033 ||| Stepping ~*~*~tactically~*~*~ (hiding).
 36044 | D:6      | 36044 ||| Stepping ~*~*~tactically~*~*~ (hiding).
 36055 | D:6      | 36055 ||| Stepping ~*~*~tactically~*~*~ (hiding).
 36066 | D:6      | 36066 ||| Stepping ~*~*~tactically~*~*~ (hiding).
 36077 | D:6      | 36077 ||| Stepping ~*~*~tactically~*~*~ (hiding).
 36088 | D:6      | 36088 ||| Stepping ~*~*~tactically~*~*~ (hiding).
 36099 | D:6      | 36099 ||| Stepping ~*~*~tactically~*~*~ (hiding).
 36110 | D:6      | 36110 ||| Stepping ~*~*~tactically~*~*~ (hiding).
 36121 | D:6      | 36121 ||| Stepping ~*~*~tactically~*~*~ (hiding).
 36132 | D:6      | 36132 ||| Stepping ~*~*~tactically~*~*~ (hiding).
 36143 | D:6      | 36143 ||| Stepping ~*~*~tactically~*~*~ (hiding).
 36154 | D:6      | 36154 ||| Stepping ~*~*~tactically~*~*~ (hiding).
 36165 | D:6      | 36165 ||| Stepping ~*~*~tactically~*~*~ (hiding).
 36176 | D:6      | 36176 ||| Stepping ~*~*~tactically~*~*~ (hiding).
 36187 | D:6      | 36187 ||| Stepping ~*~*~tactically~*~*~ (hiding).
 36198 | D:6      | 36198 ||| Stepping ~*~*~tactically~*~*~ (hiding).
 36209 | D:6      | 36209 ||| Stepping ~*~*~tactically~*~*~ (hiding).
 36220 | D:6      | 36220 ||| Stepping ~*~*~tactically~*~*~ (hiding).
 36225 | D:6      | Glimpsed the power of Zot.
 36231 | D:6      | 36231 ||| Stepping ~*~*~tactically~*~*~ (hiding).
 36242 | D:6      | 36242 ||| Stepping ~*~*~tactically~*~*~ (hiding).
 36253 | D:6      | 36253 ||| Stepping ~*~*~tactically~*~*~ (hiding).
 36264 | D:6      | 36264 ||| Stepping ~*~*~tactically~*~*~ (hiding).
 36275 | D:6      | 36275 ||| Stepping ~*~*~tactically~*~*~ (hiding).
 36286 | D:6      | 36286 ||| Stepping ~*~*~tactically~*~*~ (hiding).
 36297 | D:6      | 36297 ||| Stepping ~*~*~tactically~*~*~ (hiding).
 36308 | D:6      | 36308 ||| Stepping ~*~*~tactically~*~*~ (hiding).
 36319 | D:6      | 36319 ||| Stepping ~*~*~tactically~*~*~ (hiding).
 36324 | D:6      | Touched by the power of Zot.
 36325 | D:6      | Glimpsed the power of Zot.
 36330 | D:6      | 36330 ||| Stepping ~*~*~tactically~*~*~ (hiding).
 36341 | D:6      | 36341 ||| Stepping ~*~*~tactically~*~*~ (hiding).
 36352 | D:6      | 36352 ||| Stepping ~*~*~tactically~*~*~ (hiding).
 36363 | D:6      | 36363 ||| Stepping ~*~*~tactically~*~*~ (hiding).
 36374 | D:6      | 36374 ||| Stepping ~*~*~tactically~*~*~ (hiding).
 36385 | D:6      | 36385 ||| Stepping ~*~*~tactically~*~*~ (hiding).
 36396 | D:6      | 36396 ||| Stepping ~*~*~tactically~*~*~ (hiding).
 36407 | D:6      | 36407 ||| Stepping ~*~*~tactically~*~*~ (hiding).
 36418 | D:6      | 36418 ||| Stepping ~*~*~tactically~*~*~ (hiding).
 36429 | D:6      | 36429 ||| Stepping ~*~*~tactically~*~*~ (hiding).
 36440 | D:6      | 36440 ||| Stepping ~*~*~tactically~*~*~ (hiding).
 36451 | D:6      | 36451 ||| Stepping ~*~*~tactically~*~*~ (hiding).
 36462 | D:6      | 36462 ||| Stepping ~*~*~tactically~*~*~ (hiding).
 36473 | D:6      | 36473 ||| Stepping ~*~*~tactically~*~*~ (hiding).
 36484 | D:6      | 36484 ||| Stepping ~*~*~tactically~*~*~ (hiding).
 36495 | D:6      | 36495 ||| Stepping ~*~*~tactically~*~*~ (hiding).
 36506 | D:6      | 36506 ||| Stepping ~*~*~tactically~*~*~ (hiding).
 36517 | D:6      | 36517 ||| Stepping ~*~*~tactically~*~*~ (hiding).
 36528 | D:6      | 36528 ||| Stepping ~*~*~tactically~*~*~ (hiding).
 36539 | D:6      | 36539 ||| Stepping ~*~*~tactically~*~*~ (hiding).
 36550 | D:6      | 36550 ||| Stepping ~*~*~tactically~*~*~ (hiding).
 36561 | D:6      | 36561 ||| Stepping ~*~*~tactically~*~*~ (hiding).
 36572 | D:6      | 36572 ||| Stepping ~*~*~tactically~*~*~ (hiding).
 36583 | D:6      | 36583 ||| Stepping ~*~*~tactically~*~*~ (hiding).
 36594 | D:6      | 36594 ||| Stepping ~*~*~tactically~*~*~ (hiding).
 36605 | D:6      | 36605 ||| Stepping ~*~*~tactically~*~*~ (hiding).
 36616 | D:6      | 36616 ||| Stepping ~*~*~tactically~*~*~ (hiding).
 36627 | D:6      | 36627 ||| Stepping ~*~*~tactically~*~*~ (hiding).
 36638 | D:6      | 36638 ||| Stepping ~*~*~tactically~*~*~ (hiding).
 36649 | D:6      | 36649 ||| Stepping ~*~*~tactically~*~*~ (hiding).
 36660 | D:6      | 36660 ||| Stepping ~*~*~tactically~*~*~ (hiding).
 36671 | D:6      | 36671 ||| Stepping ~*~*~tactically~*~*~ (hiding).
 36682 | D:6      | 36682 ||| Stepping ~*~*~tactically~*~*~ (hiding).
 36693 | D:6      | 36693 ||| Stepping ~*~*~tactically~*~*~ (hiding).
 36704 | D:6      | 36704 ||| Stepping ~*~*~tactically~*~*~ (hiding).
 36715 | D:6      | 36715 ||| Stepping ~*~*~tactically~*~*~ (hiding).
 36726 | D:6      | 36726 ||| Stepping ~*~*~tactically~*~*~ (hiding).
 36737 | D:6      | 36737 ||| Stepping ~*~*~tactically~*~*~ (hiding).
 36748 | D:6      | 36748 ||| Stepping ~*~*~tactically~*~*~ (hiding).
 36759 | D:6      | 36759 ||| Stepping ~*~*~tactically~*~*~ (hiding).
 36770 | D:6      | 36770 ||| Stepping ~*~*~tactically~*~*~ (hiding).
 36781 | D:6      | 36781 ||| Stepping ~*~*~tactically~*~*~ (hiding).
 36792 | D:6      | 36792 ||| Stepping ~*~*~tactically~*~*~ (hiding).
 36803 | D:6      | 36803 ||| Stepping ~*~*~tactically~*~*~ (hiding).
 36814 | D:6      | 36814 ||| Stepping ~*~*~tactically~*~*~ (hiding).
 36825 | D:6      | 36825 ||| Stepping ~*~*~tactically~*~*~ (hiding).
 36825 | D:6      | Glimpsed the power of Zot.
 36836 | D:6      | 36836 ||| Stepping ~*~*~tactically~*~*~ (hiding).
 36847 | D:6      | 36847 ||| Stepping ~*~*~tactically~*~*~ (hiding).
 36858 | D:6      | 36858 ||| Stepping ~*~*~tactically~*~*~ (hiding).
 36869 | D:6      | 36869 ||| Stepping ~*~*~tactically~*~*~ (hiding).
 36880 | D:6      | 36880 ||| Stepping ~*~*~tactically~*~*~ (hiding).
 36891 | D:6      | 36891 ||| Stepping ~*~*~tactically~*~*~ (hiding).
 36902 | D:6      | 36902 ||| Stepping ~*~*~tactically~*~*~ (hiding).
 36913 | D:6      | 36913 ||| Stepping ~*~*~tactically~*~*~ (hiding).
 36924 | D:6      | 36924 ||| Stepping ~*~*~tactically~*~*~ (hiding).
 36935 | D:6      | 36935 ||| Stepping ~*~*~tactically~*~*~ (hiding).
 36946 | D:6      | 36946 ||| Stepping ~*~*~tactically~*~*~ (hiding).
 36957 | D:6      | 36957 ||| Stepping ~*~*~tactically~*~*~ (hiding).
 36968 | D:6      | 36968 ||| Stepping ~*~*~tactically~*~*~ (hiding).
 36979 | D:6      | 36979 ||| Stepping ~*~*~tactically~*~*~ (hiding).
 36990 | D:6      | 36990 ||| Stepping ~*~*~tactically~*~*~ (hiding).
 37001 | D:6      | 37001 ||| Stepping ~*~*~tactically~*~*~ (hiding).
 37012 | D:6      | 37012 ||| Stepping ~*~*~tactically~*~*~ (hiding).
 37023 | D:6      | 37023 ||| Stepping ~*~*~tactically~*~*~ (hiding).
 37034 | D:6      | 37034 ||| Stepping ~*~*~tactically~*~*~ (hiding).
 37045 | D:6      | 37045 ||| Stepping ~*~*~tactically~*~*~ (hiding).
 37056 | D:6      | 37056 ||| Stepping ~*~*~tactically~*~*~ (hiding).
 37067 | D:6      | 37067 ||| Stepping ~*~*~tactically~*~*~ (hiding).
 37078 | D:6      | 37078 ||| Stepping ~*~*~tactically~*~*~ (hiding).
 37089 | D:6      | 37089 ||| Stepping ~*~*~tactically~*~*~ (hiding).
 37100 | D:6      | 37100 ||| Stepping ~*~*~tactically~*~*~ (hiding).
 37111 | D:6      | 37111 ||| Stepping ~*~*~tactically~*~*~ (hiding).
 37122 | D:6      | 37122 ||| Stepping ~*~*~tactically~*~*~ (hiding).
 37133 | D:6      | 37133 ||| Stepping ~*~*~tactically~*~*~ (hiding).
 37144 | D:6      | 37144 ||| Stepping ~*~*~tactically~*~*~ (hiding).
 37155 | D:6      | 37155 ||| Stepping ~*~*~tactically~*~*~ (hiding).
 37166 | D:6      | 37166 ||| Stepping ~*~*~tactically~*~*~ (hiding).
 37177 | D:6      | 37177 ||| Stepping ~*~*~tactically~*~*~ (hiding).
 37188 | D:6      | 37188 ||| Stepping ~*~*~tactically~*~*~ (hiding).
 37199 | D:6      | 37199 ||| Stepping ~*~*~tactically~*~*~ (hiding).
 37210 | D:6      | 37210 ||| Stepping ~*~*~tactically~*~*~ (hiding).
 37221 | D:6      | 37221 ||| Stepping ~*~*~tactically~*~*~ (hiding).
 37225 | D:6      | Glimpsed the power of Zot.
 37232 | D:6      | 37232 ||| Stepping ~*~*~tactically~*~*~ (hiding).
 37243 | D:6      | 37243 ||| Stepping ~*~*~tactically~*~*~ (hiding).
 37254 | D:6      | 37254 ||| Stepping ~*~*~tactically~*~*~ (hiding).
 37265 | D:6      | 37265 ||| Stepping ~*~*~tactically~*~*~ (hiding).
 37276 | D:6      | 37276 ||| Stepping ~*~*~tactically~*~*~ (hiding).
 37287 | D:6      | 37287 ||| Stepping ~*~*~tactically~*~*~ (hiding).
 37298 | D:6      | 37298 ||| Stepping ~*~*~tactically~*~*~ (hiding).
 37309 | D:6      | 37309 ||| Stepping ~*~*~tactically~*~*~ (hiding).
 37320 | D:6      | 37320 ||| Stepping ~*~*~tactically~*~*~ (hiding).
 37324 | D:6      | Touched by the power of Zot.
 37325 | D:6      | Glimpsed the power of Zot.
 37331 | D:6      | 37331 ||| Stepping ~*~*~tactically~*~*~ (hiding).
 37342 | D:6      | 37342 ||| Stepping ~*~*~tactically~*~*~ (hiding).
 37353 | D:6      | 37353 ||| Stepping ~*~*~tactically~*~*~ (hiding).
 37364 | D:6      | 37364 ||| Stepping ~*~*~tactically~*~*~ (hiding).
 37375 | D:6      | 37375 ||| Stepping ~*~*~tactically~*~*~ (hiding).
 37386 | D:6      | 37386 ||| Stepping ~*~*~tactically~*~*~ (hiding).
 37397 | D:6      | 37397 ||| Stepping ~*~*~tactically~*~*~ (hiding).
 37408 | D:6      | 37408 ||| Stepping ~*~*~tactically~*~*~ (hiding).
 37419 | D:6      | 37419 ||| Stepping ~*~*~tactically~*~*~ (hiding).
 37430 | D:6      | 37430 ||| Stepping ~*~*~tactically~*~*~ (hiding).
 37441 | D:6      | 37441 ||| Stepping ~*~*~tactically~*~*~ (hiding).
 37452 | D:6      | 37452 ||| Stepping ~*~*~tactically~*~*~ (hiding).
 37463 | D:6      | 37463 ||| Stepping ~*~*~tactically~*~*~ (hiding).
 37474 | D:6      | 37474 ||| Stepping ~*~*~tactically~*~*~ (hiding).
 37485 | D:6      | 37485 ||| Stepping ~*~*~tactically~*~*~ (hiding).
 37496 | D:6      | 37496 ||| Stepping ~*~*~tactically~*~*~ (hiding).
 37507 | D:6      | 37507 ||| Stepping ~*~*~tactically~*~*~ (hiding).
 37518 | D:6      | 37518 ||| Stepping ~*~*~tactically~*~*~ (hiding).
 37529 | D:6      | 37529 ||| Stepping ~*~*~tactically~*~*~ (hiding).
 37540 | D:6      | 37540 ||| Stepping ~*~*~tactically~*~*~ (hiding).
 37551 | D:6      | 37551 ||| Stepping ~*~*~tactically~*~*~ (hiding).
 37562 | D:6      | 37562 ||| Stepping ~*~*~tactically~*~*~ (hiding).
 37573 | D:6      | 37573 ||| Stepping ~*~*~tactically~*~*~ (hiding).
 37584 | D:6      | 37584 ||| Stepping ~*~*~tactically~*~*~ (hiding).
 37595 | D:6      | 37595 ||| Stepping ~*~*~tactically~*~*~ (hiding).
 37606 | D:6      | 37606 ||| Stepping ~*~*~tactically~*~*~ (hiding).
 37617 | D:6      | 37617 ||| Stepping ~*~*~tactically~*~*~ (hiding).
 37628 | D:6      | 37628 ||| Stepping ~*~*~tactically~*~*~ (hiding).
 37639 | D:6      | 37639 ||| Stepping ~*~*~tactically~*~*~ (hiding).
 37650 | D:6      | 37650 ||| Stepping ~*~*~tactically~*~*~ (hiding).
 37661 | D:6      | 37661 ||| Stepping ~*~*~tactically~*~*~ (hiding).
 37672 | D:6      | 37672 ||| Stepping ~*~*~tactically~*~*~ (hiding).
 37683 | D:6      | 37683 ||| Stepping ~*~*~tactically~*~*~ (hiding).
 37694 | D:6      | 37694 ||| Stepping ~*~*~tactically~*~*~ (hiding).
 37705 | D:6      | 37705 ||| Stepping ~*~*~tactically~*~*~ (hiding).
 37716 | D:6      | 37716 ||| Stepping ~*~*~tactically~*~*~ (hiding).
 37727 | D:6      | 37727 ||| Stepping ~*~*~tactically~*~*~ (hiding).
 37738 | D:6      | 37738 ||| Stepping ~*~*~tactically~*~*~ (hiding).
 37749 | D:6      | 37749 ||| Stepping ~*~*~tactically~*~*~ (hiding).
 37760 | D:6      | 37760 ||| Stepping ~*~*~tactically~*~*~ (hiding).
 37771 | D:6      | 37771 ||| Stepping ~*~*~tactically~*~*~ (hiding).
 37782 | D:6      | 37782 ||| Stepping ~*~*~tactically~*~*~ (hiding).
 37793 | D:6      | 37793 ||| Stepping ~*~*~tactically~*~*~ (hiding).
 37804 | D:6      | 37804 ||| Stepping ~*~*~tactically~*~*~ (hiding).
 37815 | D:6      | 37815 ||| Stepping ~*~*~tactically~*~*~ (hiding).
 37825 | D:6      | Glimpsed the power of Zot.
 37826 | D:6      | 37826 ||| Stepping ~*~*~tactically~*~*~ (hiding).
 37837 | D:6      | 37837 ||| Stepping ~*~*~tactically~*~*~ (hiding).
 37848 | D:6      | 37848 ||| Stepping ~*~*~tactically~*~*~ (hiding).
 37859 | D:6      | 37859 ||| Stepping ~*~*~tactically~*~*~ (hiding).
 37870 | D:6      | 37870 ||| Stepping ~*~*~tactically~*~*~ (hiding).
 37881 | D:6      | 37881 ||| Stepping ~*~*~tactically~*~*~ (hiding).
 37892 | D:6      | 37892 ||| Stepping ~*~*~tactically~*~*~ (hiding).
 37903 | D:6      | 37903 ||| Stepping ~*~*~tactically~*~*~ (hiding).
 37914 | D:6      | 37914 ||| Stepping ~*~*~tactically~*~*~ (hiding).
 37925 | D:6      | 37925 ||| Stepping ~*~*~tactically~*~*~ (hiding).
 37936 | D:6      | 37936 ||| Stepping ~*~*~tactically~*~*~ (hiding).
 37947 | D:6      | 37947 ||| Stepping ~*~*~tactically~*~*~ (hiding).
 37958 | D:6      | 37958 ||| Stepping ~*~*~tactically~*~*~ (hiding).
 37969 | D:6      | 37969 ||| Stepping ~*~*~tactically~*~*~ (hiding).
 37980 | D:6      | 37980 ||| Stepping ~*~*~tactically~*~*~ (hiding).
 37991 | D:6      | 37991 ||| Stepping ~*~*~tactically~*~*~ (hiding).
 38002 | D:6      | 38002 ||| Stepping ~*~*~tactically~*~*~ (hiding).
 38013 | D:6      | 38013 ||| Stepping ~*~*~tactically~*~*~ (hiding).
 38024 | D:6      | 38024 ||| Stepping ~*~*~tactically~*~*~ (hiding).
 38035 | D:6      | 38035 ||| Stepping ~*~*~tactically~*~*~ (hiding).
 38046 | D:6      | 38046 ||| Stepping ~*~*~tactically~*~*~ (hiding).
 38057 | D:6      | 38057 ||| Stepping ~*~*~tactically~*~*~ (hiding).
 38068 | D:6      | 38068 ||| Stepping ~*~*~tactically~*~*~ (hiding).
 38079 | D:6      | 38079 ||| Stepping ~*~*~tactically~*~*~ (hiding).
 38090 | D:6      | 38090 ||| Stepping ~*~*~tactically~*~*~ (hiding).
 38101 | D:6      | 38101 ||| Stepping ~*~*~tactically~*~*~ (hiding).
 38112 | D:6      | 38112 ||| Stepping ~*~*~tactically~*~*~ (hiding).
 38123 | D:6      | 38123 ||| Stepping ~*~*~tactically~*~*~ (hiding).
 38134 | D:6      | 38134 ||| Stepping ~*~*~tactically~*~*~ (hiding).
 38145 | D:6      | 38145 ||| Stepping ~*~*~tactically~*~*~ (hiding).
 38156 | D:6      | 38156 ||| Stepping ~*~*~tactically~*~*~ (hiding).
 38167 | D:6      | 38167 ||| Stepping ~*~*~tactically~*~*~ (hiding).
 38178 | D:6      | 38178 ||| Stepping ~*~*~tactically~*~*~ (hiding).
 38189 | D:6      | 38189 ||| Stepping ~*~*~tactically~*~*~ (hiding).
 38200 | D:6      | 38200 ||| Stepping ~*~*~tactically~*~*~ (hiding).
 38211 | D:6      | 38211 ||| Stepping ~*~*~tactically~*~*~ (hiding).
 38222 | D:6      | 38222 ||| Stepping ~*~*~tactically~*~*~ (hiding).
 38225 | D:6      | Glimpsed the power of Zot.
 38233 | D:6      | 38233 ||| Stepping ~*~*~tactically~*~*~ (hiding).
 38244 | D:6      | 38244 ||| Stepping ~*~*~tactically~*~*~ (hiding).
 38255 | D:6      | 38255 ||| Stepping ~*~*~tactically~*~*~ (hiding).
 38266 | D:6      | 38266 ||| Stepping ~*~*~tactically~*~*~ (hiding).
 38277 | D:6      | 38277 ||| Stepping ~*~*~tactically~*~*~ (hiding).
 38288 | D:6      | 38288 ||| Stepping ~*~*~tactically~*~*~ (hiding).
 38299 | D:6      | 38299 ||| Stepping ~*~*~tactically~*~*~ (hiding).
 38310 | D:6      | 38310 ||| Stepping ~*~*~tactically~*~*~ (hiding).
 38321 | D:6      | 38321 ||| Stepping ~*~*~tactically~*~*~ (hiding).
 38324 | D:6      | Touched by the power of Zot.
 38325 | D:6      | Glimpsed the power of Zot.
 38332 | D:6      | 38332 ||| Stepping ~*~*~tactically~*~*~ (hiding).
 38343 | D:6      | 38343 ||| Stepping ~*~*~tactically~*~*~ (hiding).
 38354 | D:6      | 38354 ||| Stepping ~*~*~tactically~*~*~ (hiding).
 38365 | D:6      | 38365 ||| Stepping ~*~*~tactically~*~*~ (hiding).
 38376 | D:6      | 38376 ||| Stepping ~*~*~tactically~*~*~ (hiding).
 38387 | D:6      | 38387 ||| Stepping ~*~*~tactically~*~*~ (hiding).
 38398 | D:6      | 38398 ||| Stepping ~*~*~tactically~*~*~ (hiding).
 38409 | D:6      | 38409 ||| Stepping ~*~*~tactically~*~*~ (hiding).
 38420 | D:6      | 38420 ||| Stepping ~*~*~tactically~*~*~ (hiding).
 38431 | D:6      | 38431 ||| Stepping ~*~*~tactically~*~*~ (hiding).
 38442 | D:6      | 38442 ||| Stepping ~*~*~tactically~*~*~ (hiding).
 38453 | D:6      | 38453 ||| Stepping ~*~*~tactically~*~*~ (hiding).
 38464 | D:6      | 38464 ||| Stepping ~*~*~tactically~*~*~ (hiding).
 38475 | D:6      | 38475 ||| Stepping ~*~*~tactically~*~*~ (hiding).
 38486 | D:6      | 38486 ||| Stepping ~*~*~tactically~*~*~ (hiding).
 38497 | D:6      | 38497 ||| Stepping ~*~*~tactically~*~*~ (hiding).
 38508 | D:6      | 38508 ||| Stepping ~*~*~tactically~*~*~ (hiding).
 38519 | D:6      | 38519 ||| Stepping ~*~*~tactically~*~*~ (hiding).
 38530 | D:6      | 38530 ||| Stepping ~*~*~tactically~*~*~ (hiding).
 38541 | D:6      | 38541 ||| Stepping ~*~*~tactically~*~*~ (hiding).
 38552 | D:6      | 38552 ||| Stepping ~*~*~tactically~*~*~ (hiding).
 38563 | D:6      | 38563 ||| Stepping ~*~*~tactically~*~*~ (hiding).
 38574 | D:6      | 38574 ||| Stepping ~*~*~tactically~*~*~ (hiding).
 38585 | D:6      | 38585 ||| Stepping ~*~*~tactically~*~*~ (hiding).
 38596 | D:6      | 38596 ||| Stepping ~*~*~tactically~*~*~ (hiding).
 38607 | D:6      | 38607 ||| Stepping ~*~*~tactically~*~*~ (hiding).
 38618 | D:6      | 38618 ||| Stepping ~*~*~tactically~*~*~ (hiding).
 38629 | D:6      | 38629 ||| Stepping ~*~*~tactically~*~*~ (hiding).
 38640 | D:6      | 38640 ||| Stepping ~*~*~tactically~*~*~ (hiding).
 38651 | D:6      | 38651 ||| Stepping ~*~*~tactically~*~*~ (hiding).
 38662 | D:6      | 38662 ||| Stepping ~*~*~tactically~*~*~ (hiding).
 38673 | D:6      | 38673 ||| Stepping ~*~*~tactically~*~*~ (hiding).
 38684 | D:6      | 38684 ||| Stepping ~*~*~tactically~*~*~ (hiding).
 38695 | D:6      | 38695 ||| Stepping ~*~*~tactically~*~*~ (hiding).
 38706 | D:6      | 38706 ||| Stepping ~*~*~tactically~*~*~ (hiding).
 38717 | D:6      | 38717 ||| Stepping ~*~*~tactically~*~*~ (hiding).
 38728 | D:6      | 38728 ||| Stepping ~*~*~tactically~*~*~ (hiding).
 38739 | D:6      | 38739 ||| Stepping ~*~*~tactically~*~*~ (hiding).
 38750 | D:6      | 38750 ||| Stepping ~*~*~tactically~*~*~ (hiding).
 38761 | D:6      | 38761 ||| Stepping ~*~*~tactically~*~*~ (hiding).
 38772 | D:6      | 38772 ||| Stepping ~*~*~tactically~*~*~ (hiding).
 38783 | D:6      | 38783 ||| Stepping ~*~*~tactically~*~*~ (hiding).
 38794 | D:6      | 38794 ||| Stepping ~*~*~tactically~*~*~ (hiding).
 38805 | D:6      | 38805 ||| Stepping ~*~*~tactically~*~*~ (hiding).
 38816 | D:6      | 38816 ||| Stepping ~*~*~tactically~*~*~ (hiding).
 38825 | D:6      | Glimpsed the power of Zot.
 38827 | D:6      | 38827 ||| Stepping ~*~*~tactically~*~*~ (hiding).
 38838 | D:6      | 38838 ||| Stepping ~*~*~tactically~*~*~ (hiding).
 38849 | D:6      | 38849 ||| Stepping ~*~*~tactically~*~*~ (hiding).
 38860 | D:6      | 38860 ||| Stepping ~*~*~tactically~*~*~ (hiding).
 38871 | D:6      | 38871 ||| Stepping ~*~*~tactically~*~*~ (hiding).
 38882 | D:6      | 38882 ||| Stepping ~*~*~tactically~*~*~ (hiding).
 38893 | D:6      | 38893 ||| Stepping ~*~*~tactically~*~*~ (hiding).
 38904 | D:6      | 38904 ||| Stepping ~*~*~tactically~*~*~ (hiding).
 38915 | D:6      | 38915 ||| Stepping ~*~*~tactically~*~*~ (hiding).
 38926 | D:6      | 38926 ||| Stepping ~*~*~tactically~*~*~ (hiding).
 38937 | D:6      | 38937 ||| Stepping ~*~*~tactically~*~*~ (hiding).
 38948 | D:6      | 38948 ||| Stepping ~*~*~tactically~*~*~ (hiding).
 38959 | D:6      | 38959 ||| Stepping ~*~*~tactically~*~*~ (hiding).
 38970 | D:6      | 38970 ||| Stepping ~*~*~tactically~*~*~ (hiding).
 38981 | D:6      | 38981 ||| Stepping ~*~*~tactically~*~*~ (hiding).
 38992 | D:6      | 38992 ||| Stepping ~*~*~tactically~*~*~ (hiding).
 39003 | D:6      | 39003 ||| Stepping ~*~*~tactically~*~*~ (hiding).
 39014 | D:6      | 39014 ||| Stepping ~*~*~tactically~*~*~ (hiding).
 39025 | D:6      | 39025 ||| Stepping ~*~*~tactically~*~*~ (hiding).
 39036 | D:6      | 39036 ||| Stepping ~*~*~tactically~*~*~ (hiding).
 39047 | D:6      | 39047 ||| Stepping ~*~*~tactically~*~*~ (hiding).
 39058 | D:6      | 39058 ||| Stepping ~*~*~tactically~*~*~ (hiding).
 39069 | D:6      | 39069 ||| Stepping ~*~*~tactically~*~*~ (hiding).
 39080 | D:6      | 39080 ||| Stepping ~*~*~tactically~*~*~ (hiding).
 39091 | D:6      | 39091 ||| Stepping ~*~*~tactically~*~*~ (hiding).
 39102 | D:6      | 39102 ||| Stepping ~*~*~tactically~*~*~ (hiding).
 39113 | D:6      | 39113 ||| Stepping ~*~*~tactically~*~*~ (hiding).
 39124 | D:6      | 39124 ||| Stepping ~*~*~tactically~*~*~ (hiding).
 39135 | D:6      | 39135 ||| Stepping ~*~*~tactically~*~*~ (hiding).
 39146 | D:6      | 39146 ||| Stepping ~*~*~tactically~*~*~ (hiding).
 39157 | D:6      | 39157 ||| Stepping ~*~*~tactically~*~*~ (hiding).
 39168 | D:6      | 39168 ||| Stepping ~*~*~tactically~*~*~ (hiding).
 39179 | D:6      | 39179 ||| Stepping ~*~*~tactically~*~*~ (hiding).
 39190 | D:6      | 39190 ||| Stepping ~*~*~tactically~*~*~ (hiding).
 39201 | D:6      | 39201 ||| Stepping ~*~*~tactically~*~*~ (hiding).
 39212 | D:6      | 39212 ||| Stepping ~*~*~tactically~*~*~ (hiding).
 39223 | D:6      | 39223 ||| Stepping ~*~*~tactically~*~*~ (hiding).
 39225 | D:6      | Glimpsed the power of Zot.
 39234 | D:6      | 39234 ||| Stepping ~*~*~tactically~*~*~ (hiding).
 39245 | D:6      | 39245 ||| Stepping ~*~*~tactically~*~*~ (hiding).
 39256 | D:6      | 39256 ||| Stepping ~*~*~tactically~*~*~ (hiding).
 39267 | D:6      | 39267 ||| Stepping ~*~*~tactically~*~*~ (hiding).
 39278 | D:6      | 39278 ||| Stepping ~*~*~tactically~*~*~ (hiding).
 39289 | D:6      | 39289 ||| Stepping ~*~*~tactically~*~*~ (hiding).
 39300 | D:6      | 39300 ||| Stepping ~*~*~tactically~*~*~ (hiding).
 39311 | D:6      | 39311 ||| Stepping ~*~*~tactically~*~*~ (hiding).
 39322 | D:6      | 39322 ||| Stepping ~*~*~tactically~*~*~ (hiding).
 39324 | D:6      | Touched by the power of Zot.
 39325 | D:6      | Glimpsed the power of Zot.
 39333 | D:6      | 39333 ||| Stepping ~*~*~tactically~*~*~ (hiding).
 39344 | D:6      | 39344 ||| Stepping ~*~*~tactically~*~*~ (hiding).
 39355 | D:6      | 39355 ||| Stepping ~*~*~tactically~*~*~ (hiding).
 39366 | D:6      | 39366 ||| Stepping ~*~*~tactically~*~*~ (hiding).
 39377 | D:6      | 39377 ||| Stepping ~*~*~tactically~*~*~ (hiding).
 39388 | D:6      | 39388 ||| Stepping ~*~*~tactically~*~*~ (hiding).
 39399 | D:6      | 39399 ||| Stepping ~*~*~tactically~*~*~ (hiding).
 39410 | D:6      | 39410 ||| Stepping ~*~*~tactically~*~*~ (hiding).
 39421 | D:6      | 39421 ||| Stepping ~*~*~tactically~*~*~ (hiding).
 39432 | D:6      | 39432 ||| Stepping ~*~*~tactically~*~*~ (hiding).
 39443 | D:6      | 39443 ||| Stepping ~*~*~tactically~*~*~ (hiding).
 39454 | D:6      | 39454 ||| Stepping ~*~*~tactically~*~*~ (hiding).
 39465 | D:6      | 39465 ||| Stepping ~*~*~tactically~*~*~ (hiding).
 39476 | D:6      | 39476 ||| Stepping ~*~*~tactically~*~*~ (hiding).
 39487 | D:6      | 39487 ||| Stepping ~*~*~tactically~*~*~ (hiding).
 39498 | D:6      | 39498 ||| Stepping ~*~*~tactically~*~*~ (hiding).
 39509 | D:6      | 39509 ||| Stepping ~*~*~tactically~*~*~ (hiding).
 39520 | D:6      | 39520 ||| Stepping ~*~*~tactically~*~*~ (hiding).
 39531 | D:6      | 39531 ||| Stepping ~*~*~tactically~*~*~ (hiding).
 39542 | D:6      | 39542 ||| Stepping ~*~*~tactically~*~*~ (hiding).
 39553 | D:6      | 39553 ||| Stepping ~*~*~tactically~*~*~ (hiding).
 39564 | D:6      | 39564 ||| Stepping ~*~*~tactically~*~*~ (hiding).
 39575 | D:6      | 39575 ||| Stepping ~*~*~tactically~*~*~ (hiding).
 39586 | D:6      | 39586 ||| Stepping ~*~*~tactically~*~*~ (hiding).
 39597 | D:6      | 39597 ||| Stepping ~*~*~tactically~*~*~ (hiding).
 39608 | D:6      | 39608 ||| Stepping ~*~*~tactically~*~*~ (hiding).
 39619 | D:6      | 39619 ||| Stepping ~*~*~tactically~*~*~ (hiding).
 39630 | D:6      | 39630 ||| Stepping ~*~*~tactically~*~*~ (hiding).
 39641 | D:6      | 39641 ||| Stepping ~*~*~tactically~*~*~ (hiding).
 39652 | D:6      | 39652 ||| Stepping ~*~*~tactically~*~*~ (hiding).
 39663 | D:6      | 39663 ||| Stepping ~*~*~tactically~*~*~ (hiding).
 39674 | D:6      | 39674 ||| Stepping ~*~*~tactically~*~*~ (hiding).
 39685 | D:6      | 39685 ||| Stepping ~*~*~tactically~*~*~ (hiding).
 39696 | D:6      | 39696 ||| Stepping ~*~*~tactically~*~*~ (hiding).
 39707 | D:6      | 39707 ||| Stepping ~*~*~tactically~*~*~ (hiding).
 39718 | D:6      | 39718 ||| Stepping ~*~*~tactically~*~*~ (hiding).
 39729 | D:6      | 39729 ||| Stepping ~*~*~tactically~*~*~ (hiding).
 39740 | D:6      | 39740 ||| Stepping ~*~*~tactically~*~*~ (hiding).
 39751 | D:6      | 39751 ||| Stepping ~*~*~tactically~*~*~ (hiding).
 39762 | D:6      | 39762 ||| Stepping ~*~*~tactically~*~*~ (hiding).
 39773 | D:6      | 39773 ||| Stepping ~*~*~tactically~*~*~ (hiding).
 39784 | D:6      | 39784 ||| Stepping ~*~*~tactically~*~*~ (hiding).
 39795 | D:6      | 39795 ||| Stepping ~*~*~tactically~*~*~ (hiding).
 39806 | D:6      | 39806 ||| Stepping ~*~*~tactically~*~*~ (hiding).
 39817 | D:6      | 39817 ||| Stepping ~*~*~tactically~*~*~ (hiding).
 39825 | D:6      | Glimpsed the power of Zot.
 39828 | D:6      | 39828 ||| Stepping ~*~*~tactically~*~*~ (hiding).
 39839 | D:6      | 39839 ||| Stepping ~*~*~tactically~*~*~ (hiding).
 39850 | D:6      | 39850 ||| Stepping ~*~*~tactically~*~*~ (hiding).
 39861 | D:6      | 39861 ||| Stepping ~*~*~tactically~*~*~ (hiding).
 39872 | D:6      | 39872 ||| Stepping ~*~*~tactically~*~*~ (hiding).
 39883 | D:6      | 39883 ||| Stepping ~*~*~tactically~*~*~ (hiding).
 39894 | D:6      | 39894 ||| Stepping ~*~*~tactically~*~*~ (hiding).
 39905 | D:6      | 39905 ||| Stepping ~*~*~tactically~*~*~ (hiding).
 39916 | D:6      | 39916 ||| Stepping ~*~*~tactically~*~*~ (hiding).
 39927 | D:6      | 39927 ||| Stepping ~*~*~tactically~*~*~ (hiding).
 39938 | D:6      | 39938 ||| Stepping ~*~*~tactically~*~*~ (hiding).
 39949 | D:6      | 39949 ||| Stepping ~*~*~tactically~*~*~ (hiding).
 39960 | D:6      | 39960 ||| Stepping ~*~*~tactically~*~*~ (hiding).
 39971 | D:6      | 39971 ||| Stepping ~*~*~tactically~*~*~ (hiding).
 39982 | D:6      | 39982 ||| Stepping ~*~*~tactically~*~*~ (hiding).
 39993 | D:6      | 39993 ||| Stepping ~*~*~tactically~*~*~ (hiding).
 40004 | D:6      | 40004 ||| Stepping ~*~*~tactically~*~*~ (hiding).
 40015 | D:6      | 40015 ||| Stepping ~*~*~tactically~*~*~ (hiding).
 40026 | D:6      | 40026 ||| Stepping ~*~*~tactically~*~*~ (hiding).
 40037 | D:6      | 40037 ||| Stepping ~*~*~tactically~*~*~ (hiding).
 40048 | D:6      | 40048 ||| Stepping ~*~*~tactically~*~*~ (hiding).
 40059 | D:6      | 40059 ||| Stepping ~*~*~tactically~*~*~ (hiding).
 40070 | D:6      | 40070 ||| Stepping ~*~*~tactically~*~*~ (hiding).
 40081 | D:6      | 40081 ||| Stepping ~*~*~tactically~*~*~ (hiding).
 40092 | D:6      | 40092 ||| Stepping ~*~*~tactically~*~*~ (hiding).
 40103 | D:6      | 40103 ||| Stepping ~*~*~tactically~*~*~ (hiding).
 40114 | D:6      | 40114 ||| Stepping ~*~*~tactically~*~*~ (hiding).
 40125 | D:6      | 40125 ||| Stepping ~*~*~tactically~*~*~ (hiding).
 40136 | D:6      | 40136 ||| Stepping ~*~*~tactically~*~*~ (hiding).
 40147 | D:6      | 40147 ||| Stepping ~*~*~tactically~*~*~ (hiding).
 40158 | D:6      | 40158 ||| Stepping ~*~*~tactically~*~*~ (hiding).
 40169 | D:6      | 40169 ||| Stepping ~*~*~tactically~*~*~ (hiding).
 40180 | D:6      | 40180 ||| Stepping ~*~*~tactically~*~*~ (hiding).
 40191 | D:6      | 40191 ||| Stepping ~*~*~tactically~*~*~ (hiding).
 40202 | D:6      | 40202 ||| Stepping ~*~*~tactically~*~*~ (hiding).
 40213 | D:6      | 40213 ||| Stepping ~*~*~tactically~*~*~ (hiding).
 40224 | D:6      | 40224 ||| Stepping ~*~*~tactically~*~*~ (hiding).
 40225 | D:6      | Glimpsed the power of Zot.
 40235 | D:6      | 40235 ||| Stepping ~*~*~tactically~*~*~ (hiding).
 40246 | D:6      | 40246 ||| Stepping ~*~*~tactically~*~*~ (hiding).
 40257 | D:6      | 40257 ||| Stepping ~*~*~tactically~*~*~ (hiding).
 40268 | D:6      | 40268 ||| Stepping ~*~*~tactically~*~*~ (hiding).
 40279 | D:6      | 40279 ||| Stepping ~*~*~tactically~*~*~ (hiding).
 40290 | D:6      | 40290 ||| Stepping ~*~*~tactically~*~*~ (hiding).
 40301 | D:6      | 40301 ||| Stepping ~*~*~tactically~*~*~ (hiding).
 40312 | D:6      | 40312 ||| Stepping ~*~*~tactically~*~*~ (hiding).
 40323 | D:6      | 40323 ||| Stepping ~*~*~tactically~*~*~ (hiding).
 40324 | D:6      | Touched by the power of Zot.
 40325 | D:6      | Glimpsed the power of Zot.
 40334 | D:6      | 40334 ||| Stepping ~*~*~tactically~*~*~ (hiding).
 40345 | D:6      | 40345 ||| Stepping ~*~*~tactically~*~*~ (hiding).
 40356 | D:6      | 40356 ||| Stepping ~*~*~tactically~*~*~ (hiding).
 40367 | D:6      | 40367 ||| Stepping ~*~*~tactically~*~*~ (hiding).
 40378 | D:6      | 40378 ||| Stepping ~*~*~tactically~*~*~ (hiding).
 40389 | D:6      | 40389 ||| Stepping ~*~*~tactically~*~*~ (hiding).
 40400 | D:6      | 40400 ||| Stepping ~*~*~tactically~*~*~ (hiding).
 40411 | D:6      | 40411 ||| Stepping ~*~*~tactically~*~*~ (hiding).
 40422 | D:6      | 40422 ||| Stepping ~*~*~tactically~*~*~ (hiding).
 40433 | D:6      | 40433 ||| Stepping ~*~*~tactically~*~*~ (hiding).
 40444 | D:6      | 40444 ||| Stepping ~*~*~tactically~*~*~ (hiding).
 40455 | D:6      | 40455 ||| Stepping ~*~*~tactically~*~*~ (hiding).
 40466 | D:6      | 40466 ||| Stepping ~*~*~tactically~*~*~ (hiding).
 40477 | D:6      | 40477 ||| Stepping ~*~*~tactically~*~*~ (hiding).
 40488 | D:6      | 40488 ||| Stepping ~*~*~tactically~*~*~ (hiding).
 40499 | D:6      | 40499 ||| Stepping ~*~*~tactically~*~*~ (hiding).
 40510 | D:6      | 40510 ||| Stepping ~*~*~tactically~*~*~ (hiding).
 40521 | D:6      | 40521 ||| Stepping ~*~*~tactically~*~*~ (hiding).
 40532 | D:6      | 40532 ||| Stepping ~*~*~tactically~*~*~ (hiding).
 40543 | D:6      | 40543 ||| Stepping ~*~*~tactically~*~*~ (hiding).
 40554 | D:6      | 40554 ||| Stepping ~*~*~tactically~*~*~ (hiding).
 40565 | D:6      | 40565 ||| Stepping ~*~*~tactically~*~*~ (hiding).
 40576 | D:6      | 40576 ||| Stepping ~*~*~tactically~*~*~ (hiding).
 40587 | D:6      | 40587 ||| Stepping ~*~*~tactically~*~*~ (hiding).
 40598 | D:6      | 40598 ||| Stepping ~*~*~tactically~*~*~ (hiding).
 40609 | D:6      | 40609 ||| Stepping ~*~*~tactically~*~*~ (hiding).
 40620 | D:6      | 40620 ||| Stepping ~*~*~tactically~*~*~ (hiding).
 40631 | D:6      | 40631 ||| Stepping ~*~*~tactically~*~*~ (hiding).
 40642 | D:6      | 40642 ||| Stepping ~*~*~tactically~*~*~ (hiding).
 40653 | D:6      | 40653 ||| Stepping ~*~*~tactically~*~*~ (hiding).
 40664 | D:6      | 40664 ||| Stepping ~*~*~tactically~*~*~ (hiding).
 40675 | D:6      | 40675 ||| Stepping ~*~*~tactically~*~*~ (hiding).
 40686 | D:6      | 40686 ||| Stepping ~*~*~tactically~*~*~ (hiding).
 40697 | D:6      | 40697 ||| Stepping ~*~*~tactically~*~*~ (hiding).
 40708 | D:6      | 40708 ||| Stepping ~*~*~tactically~*~*~ (hiding).
 40719 | D:6      | 40719 ||| Stepping ~*~*~tactically~*~*~ (hiding).
 40730 | D:6      | 40730 ||| Stepping ~*~*~tactically~*~*~ (hiding).
 40741 | D:6      | 40741 ||| Stepping ~*~*~tactically~*~*~ (hiding).
 40752 | D:6      | 40752 ||| Stepping ~*~*~tactically~*~*~ (hiding).
 40763 | D:6      | 40763 ||| Stepping ~*~*~tactically~*~*~ (hiding).
 40774 | D:6      | 40774 ||| Stepping ~*~*~tactically~*~*~ (hiding).
 40785 | D:6      | 40785 ||| Stepping ~*~*~tactically~*~*~ (hiding).
 40796 | D:6      | 40796 ||| Stepping ~*~*~tactically~*~*~ (hiding).
 40807 | D:6      | 40807 ||| Stepping ~*~*~tactically~*~*~ (hiding).
 40818 | D:6      | 40818 ||| Stepping ~*~*~tactically~*~*~ (hiding).
 40825 | D:6      | Glimpsed the power of Zot.
 40829 | D:6      | 40829 ||| Stepping ~*~*~tactically~*~*~ (hiding).
 40840 | D:6      | 40840 ||| Stepping ~*~*~tactically~*~*~ (hiding).
 40851 | D:6      | 40851 ||| Stepping ~*~*~tactically~*~*~ (hiding).
 40862 | D:6      | 40862 ||| Stepping ~*~*~tactically~*~*~ (hiding).
 40873 | D:6      | 40873 ||| Stepping ~*~*~tactically~*~*~ (hiding).
 40884 | D:6      | 40884 ||| Stepping ~*~*~tactically~*~*~ (hiding).
 40895 | D:6      | 40895 ||| Stepping ~*~*~tactically~*~*~ (hiding).
 40906 | D:6      | 40906 ||| Stepping ~*~*~tactically~*~*~ (hiding).
 40917 | D:6      | 40917 ||| Stepping ~*~*~tactically~*~*~ (hiding).
 40928 | D:6      | 40928 ||| Stepping ~*~*~tactically~*~*~ (hiding).
 40939 | D:6      | 40939 ||| Stepping ~*~*~tactically~*~*~ (hiding).
 40950 | D:6      | 40950 ||| Stepping ~*~*~tactically~*~*~ (hiding).
 40961 | D:6      | 40961 ||| Stepping ~*~*~tactically~*~*~ (hiding).
 40972 | D:6      | 40972 ||| Stepping ~*~*~tactically~*~*~ (hiding).
 40983 | D:6      | 40983 ||| Stepping ~*~*~tactically~*~*~ (hiding).
 40994 | D:6      | 40994 ||| Stepping ~*~*~tactically~*~*~ (hiding).
 41005 | D:6      | 41005 ||| Stepping ~*~*~tactically~*~*~ (hiding).
 41016 | D:6      | 41016 ||| Stepping ~*~*~tactically~*~*~ (hiding).
 41027 | D:6      | 41027 ||| Stepping ~*~*~tactically~*~*~ (hiding).
 41038 | D:6      | 41038 ||| Stepping ~*~*~tactically~*~*~ (hiding).
 41049 | D:6      | 41049 ||| Stepping ~*~*~tactically~*~*~ (hiding).
 41060 | D:6      | 41060 ||| Stepping ~*~*~tactically~*~*~ (hiding).
 41071 | D:6      | 41071 ||| Stepping ~*~*~tactically~*~*~ (hiding).
 41082 | D:6      | 41082 ||| Stepping ~*~*~tactically~*~*~ (hiding).
 41093 | D:6      | 41093 ||| Stepping ~*~*~tactically~*~*~ (hiding).
 41104 | D:6      | 41104 ||| Stepping ~*~*~tactically~*~*~ (hiding).
 41115 | D:6      | 41115 ||| Stepping ~*~*~tactically~*~*~ (hiding).
 41126 | D:6      | 41126 ||| Stepping ~*~*~tactically~*~*~ (hiding).
 41137 | D:6      | 41137 ||| Stepping ~*~*~tactically~*~*~ (hiding).
 41148 | D:6      | 41148 ||| Stepping ~*~*~tactically~*~*~ (hiding).
 41159 | D:6      | 41159 ||| Stepping ~*~*~tactically~*~*~ (hiding).
 41170 | D:6      | 41170 ||| Stepping ~*~*~tactically~*~*~ (hiding).
 41181 | D:6      | 41181 ||| Stepping ~*~*~tactically~*~*~ (hiding).
 41192 | D:6      | 41192 ||| Stepping ~*~*~tactically~*~*~ (hiding).
 41203 | D:6      | 41203 ||| Stepping ~*~*~tactically~*~*~ (hiding).
 41214 | D:6      | 41214 ||| Stepping ~*~*~tactically~*~*~ (hiding).
 41225 | D:6      | 41225 ||| Stepping ~*~*~tactically~*~*~ (hiding).
 41225 | D:6      | Glimpsed the power of Zot.
 41236 | D:6      | 41236 ||| Stepping ~*~*~tactically~*~*~ (hiding).
 41247 | D:6      | 41247 ||| Stepping ~*~*~tactically~*~*~ (hiding).
 41258 | D:6      | 41258 ||| Stepping ~*~*~tactically~*~*~ (hiding).
 41269 | D:6      | 41269 ||| Stepping ~*~*~tactically~*~*~ (hiding).
 41280 | D:6      | 41280 ||| Stepping ~*~*~tactically~*~*~ (hiding).
 41291 | D:6      | 41291 ||| Stepping ~*~*~tactically~*~*~ (hiding).
 41302 | D:6      | 41302 ||| Stepping ~*~*~tactically~*~*~ (hiding).
 41313 | D:6      | 41313 ||| Stepping ~*~*~tactically~*~*~ (hiding).
 41324 | D:6      | 41324 ||| Stepping ~*~*~tactically~*~*~ (hiding).
 41324 | D:6      | Touched by the power of Zot.
 41325 | D:6      | Glimpsed the power of Zot.
 41335 | D:6      | 41335 ||| Stepping ~*~*~tactically~*~*~ (hiding).
 41346 | D:6      | 41346 ||| Stepping ~*~*~tactically~*~*~ (hiding).
 41357 | D:6      | 41357 ||| Stepping ~*~*~tactically~*~*~ (hiding).
 41368 | D:6      | 41368 ||| Stepping ~*~*~tactically~*~*~ (hiding).
 41379 | D:6      | 41379 ||| Stepping ~*~*~tactically~*~*~ (hiding).
 41390 | D:6      | 41390 ||| Stepping ~*~*~tactically~*~*~ (hiding).
 41401 | D:6      | 41401 ||| Stepping ~*~*~tactically~*~*~ (hiding).
 41412 | D:6      | 41412 ||| Stepping ~*~*~tactically~*~*~ (hiding).
 41423 | D:6      | 41423 ||| Stepping ~*~*~tactically~*~*~ (hiding).
 41434 | D:6      | 41434 ||| Stepping ~*~*~tactically~*~*~ (hiding).
 41445 | D:6      | 41445 ||| Stepping ~*~*~tactically~*~*~ (hiding).
 41456 | D:6      | 41456 ||| Stepping ~*~*~tactically~*~*~ (hiding).
 41467 | D:6      | 41467 ||| Stepping ~*~*~tactically~*~*~ (hiding).
 41478 | D:6      | 41478 ||| Stepping ~*~*~tactically~*~*~ (hiding).
 41489 | D:6      | 41489 ||| Stepping ~*~*~tactically~*~*~ (hiding).
 41500 | D:6      | 41500 ||| Stepping ~*~*~tactically~*~*~ (hiding).
 41511 | D:6      | 41511 ||| Stepping ~*~*~tactically~*~*~ (hiding).
 41522 | D:6      | 41522 ||| Stepping ~*~*~tactically~*~*~ (hiding).
 41533 | D:6      | 41533 ||| Stepping ~*~*~tactically~*~*~ (hiding).
 41544 | D:6      | 41544 ||| Stepping ~*~*~tactically~*~*~ (hiding).
 41555 | D:6      | 41555 ||| Stepping ~*~*~tactically~*~*~ (hiding).
 41566 | D:6      | 41566 ||| Stepping ~*~*~tactically~*~*~ (hiding).
 41577 | D:6      | 41577 ||| Stepping ~*~*~tactically~*~*~ (hiding).
 41588 | D:6      | 41588 ||| Stepping ~*~*~tactically~*~*~ (hiding).
 41599 | D:6      | 41599 ||| Stepping ~*~*~tactically~*~*~ (hiding).
 41610 | D:6      | 41610 ||| Stepping ~*~*~tactically~*~*~ (hiding).
 41621 | D:6      | 41621 ||| Stepping ~*~*~tactically~*~*~ (hiding).
 41632 | D:6      | 41632 ||| Stepping ~*~*~tactically~*~*~ (hiding).
 41643 | D:6      | 41643 ||| Stepping ~*~*~tactically~*~*~ (hiding).
 41654 | D:6      | 41654 ||| Stepping ~*~*~tactically~*~*~ (hiding).
 41665 | D:6      | 41665 ||| Stepping ~*~*~tactically~*~*~ (hiding).
 41676 | D:6      | 41676 ||| Stepping ~*~*~tactically~*~*~ (hiding).
 41687 | D:6      | 41687 ||| Stepping ~*~*~tactically~*~*~ (hiding).
 41698 | D:6      | 41698 ||| Stepping ~*~*~tactically~*~*~ (hiding).
 41709 | D:6      | 41709 ||| Stepping ~*~*~tactically~*~*~ (hiding).
 41720 | D:6      | 41720 ||| Stepping ~*~*~tactically~*~*~ (hiding).
 41731 | D:6      | 41731 ||| Stepping ~*~*~tactically~*~*~ (hiding).
 41742 | D:6      | 41742 ||| Stepping ~*~*~tactically~*~*~ (hiding).
 41753 | D:6      | 41753 ||| Stepping ~*~*~tactically~*~*~ (hiding).
 41764 | D:6      | 41764 ||| Stepping ~*~*~tactically~*~*~ (hiding).
 41775 | D:6      | 41775 ||| Stepping ~*~*~tactically~*~*~ (hiding).
 41786 | D:6      | 41786 ||| Stepping ~*~*~tactically~*~*~ (hiding).
 41797 | D:6      | 41797 ||| Stepping ~*~*~tactically~*~*~ (hiding).
 41808 | D:6      | 41808 ||| Stepping ~*~*~tactically~*~*~ (hiding).
 41819 | D:6      | 41819 ||| Stepping ~*~*~tactically~*~*~ (hiding).
 41825 | D:6      | Glimpsed the power of Zot.
 41830 | D:6      | 41830 ||| Stepping ~*~*~tactically~*~*~ (hiding).
 41841 | D:6      | 41841 ||| Stepping ~*~*~tactically~*~*~ (hiding).
 41852 | D:6      | 41852 ||| Stepping ~*~*~tactically~*~*~ (hiding).
 41863 | D:6      | 41863 ||| Stepping ~*~*~tactically~*~*~ (hiding).
 41874 | D:6      | 41874 ||| Stepping ~*~*~tactically~*~*~ (hiding).
 41885 | D:6      | 41885 ||| Stepping ~*~*~tactically~*~*~ (hiding).
 41896 | D:6      | 41896 ||| Stepping ~*~*~tactically~*~*~ (hiding).
 41907 | D:6      | 41907 ||| Stepping ~*~*~tactically~*~*~ (hiding).
 41918 | D:6      | 41918 ||| Stepping ~*~*~tactically~*~*~ (hiding).
 41929 | D:6      | 41929 ||| Stepping ~*~*~tactically~*~*~ (hiding).
 41940 | D:6      | 41940 ||| Stepping ~*~*~tactically~*~*~ (hiding).
 41951 | D:6      | 41951 ||| Stepping ~*~*~tactically~*~*~ (hiding).
 41962 | D:6      | 41962 ||| Stepping ~*~*~tactically~*~*~ (hiding).
 41973 | D:6      | 41973 ||| Stepping ~*~*~tactically~*~*~ (hiding).
 41984 | D:6      | 41984 ||| Stepping ~*~*~tactically~*~*~ (hiding).
 41995 | D:6      | 41995 ||| Stepping ~*~*~tactically~*~*~ (hiding).
 42006 | D:6      | 42006 ||| Stepping ~*~*~tactically~*~*~ (hiding).
 42017 | D:6      | 42017 ||| Stepping ~*~*~tactically~*~*~ (hiding).
 42028 | D:6      | 42028 ||| Stepping ~*~*~tactically~*~*~ (hiding).
 42039 | D:6      | 42039 ||| Stepping ~*~*~tactically~*~*~ (hiding).
 42050 | D:6      | 42050 ||| Stepping ~*~*~tactically~*~*~ (hiding).
 42061 | D:6      | 42061 ||| Stepping ~*~*~tactically~*~*~ (hiding).
 42072 | D:6      | 42072 ||| Stepping ~*~*~tactically~*~*~ (hiding).
 42083 | D:6      | 42083 ||| Stepping ~*~*~tactically~*~*~ (hiding).
 42094 | D:6      | 42094 ||| Stepping ~*~*~tactically~*~*~ (hiding).
 42105 | D:6      | 42105 ||| Stepping ~*~*~tactically~*~*~ (hiding).
 42116 | D:6      | 42116 ||| Stepping ~*~*~tactically~*~*~ (hiding).
 42127 | D:6      | 42127 ||| Stepping ~*~*~tactically~*~*~ (hiding).
 42138 | D:6      | 42138 ||| Stepping ~*~*~tactically~*~*~ (hiding).
 42149 | D:6      | 42149 ||| Stepping ~*~*~tactically~*~*~ (hiding).
 42160 | D:6      | 42160 ||| Stepping ~*~*~tactically~*~*~ (hiding).
 42171 | D:6      | 42171 ||| Stepping ~*~*~tactically~*~*~ (hiding).
 42182 | D:6      | 42182 ||| Stepping ~*~*~tactically~*~*~ (hiding).
 42193 | D:6      | 42193 ||| Stepping ~*~*~tactically~*~*~ (hiding).
 42204 | D:6      | 42204 ||| Stepping ~*~*~tactically~*~*~ (hiding).
 42215 | D:6      | 42215 ||| Stepping ~*~*~tactically~*~*~ (hiding).
 42225 | D:6      | Glimpsed the power of Zot.
 42226 | D:6      | 42226 ||| Stepping ~*~*~tactically~*~*~ (hiding).
 42237 | D:6      | 42237 ||| Stepping ~*~*~tactically~*~*~ (hiding).
 42248 | D:6      | 42248 ||| Stepping ~*~*~tactically~*~*~ (hiding).
 42259 | D:6      | 42259 ||| Stepping ~*~*~tactically~*~*~ (hiding).
 42270 | D:6      | 42270 ||| Stepping ~*~*~tactically~*~*~ (hiding).
 42281 | D:6      | 42281 ||| Stepping ~*~*~tactically~*~*~ (hiding).
 42292 | D:6      | 42292 ||| Stepping ~*~*~tactically~*~*~ (hiding).
 42303 | D:6      | 42303 ||| Stepping ~*~*~tactically~*~*~ (hiding).
 42314 | D:6      | 42314 ||| Stepping ~*~*~tactically~*~*~ (hiding).
 42324 | D:6      | Touched by the power of Zot.
 42325 | D:6      | 42325 ||| Stepping ~*~*~tactically~*~*~ (hiding).
 42325 | D:6      | Glimpsed the power of Zot.
 42336 | D:6      | 42336 ||| Stepping ~*~*~tactically~*~*~ (hiding).
 42347 | D:6      | 42347 ||| Stepping ~*~*~tactically~*~*~ (hiding).
 42358 | D:6      | 42358 ||| Stepping ~*~*~tactically~*~*~ (hiding).
 42369 | D:6      | 42369 ||| Stepping ~*~*~tactically~*~*~ (hiding).
 42380 | D:6      | 42380 ||| Stepping ~*~*~tactically~*~*~ (hiding).
 42391 | D:6      | 42391 ||| Stepping ~*~*~tactically~*~*~ (hiding).
 42402 | D:6      | 42402 ||| Stepping ~*~*~tactically~*~*~ (hiding).
 42413 | D:6      | 42413 ||| Stepping ~*~*~tactically~*~*~ (hiding).
 42424 | D:6      | 42424 ||| Stepping ~*~*~tactically~*~*~ (hiding).
 42435 | D:6      | 42435 ||| Stepping ~*~*~tactically~*~*~ (hiding).
 42446 | D:6      | 42446 ||| Stepping ~*~*~tactically~*~*~ (hiding).
 42457 | D:6      | 42457 ||| Stepping ~*~*~tactically~*~*~ (hiding).
 42468 | D:6      | 42468 ||| Stepping ~*~*~tactically~*~*~ (hiding).
 42479 | D:6      | 42479 ||| Stepping ~*~*~tactically~*~*~ (hiding).
 42490 | D:6      | 42490 ||| Stepping ~*~*~tactically~*~*~ (hiding).
 42501 | D:6      | 42501 ||| Stepping ~*~*~tactically~*~*~ (hiding).
 42512 | D:6      | 42512 ||| Stepping ~*~*~tactically~*~*~ (hiding).
 42523 | D:6      | 42523 ||| Stepping ~*~*~tactically~*~*~ (hiding).
 42534 | D:6      | 42534 ||| Stepping ~*~*~tactically~*~*~ (hiding).
 42545 | D:6      | 42545 ||| Stepping ~*~*~tactically~*~*~ (hiding).
 42556 | D:6      | 42556 ||| Stepping ~*~*~tactically~*~*~ (hiding).
 42567 | D:6      | 42567 ||| Stepping ~*~*~tactically~*~*~ (hiding).
 42578 | D:6      | 42578 ||| Stepping ~*~*~tactically~*~*~ (hiding).
 42589 | D:6      | 42589 ||| Stepping ~*~*~tactically~*~*~ (hiding).
 42600 | D:6      | 42600 ||| Stepping ~*~*~tactically~*~*~ (hiding).
 42611 | D:6      | 42611 ||| Stepping ~*~*~tactically~*~*~ (hiding).
 42622 | D:6      | 42622 ||| Stepping ~*~*~tactically~*~*~ (hiding).
 42633 | D:6      | 42633 ||| Stepping ~*~*~tactically~*~*~ (hiding).
 42644 | D:6      | 42644 ||| Stepping ~*~*~tactically~*~*~ (hiding).
 42655 | D:6      | 42655 ||| Stepping ~*~*~tactically~*~*~ (hiding).
 42666 | D:6      | 42666 ||| Stepping ~*~*~tactically~*~*~ (hiding).
 42677 | D:6      | 42677 ||| Stepping ~*~*~tactically~*~*~ (hiding).
 42688 | D:6      | 42688 ||| Stepping ~*~*~tactically~*~*~ (hiding).
 42699 | D:6      | 42699 ||| Stepping ~*~*~tactically~*~*~ (hiding).
 42710 | D:6      | 42710 ||| Stepping ~*~*~tactically~*~*~ (hiding).
 42721 | D:6      | 42721 ||| Stepping ~*~*~tactically~*~*~ (hiding).
 42732 | D:6      | 42732 ||| Stepping ~*~*~tactically~*~*~ (hiding).
 42743 | D:6      | 42743 ||| Stepping ~*~*~tactically~*~*~ (hiding).
 42754 | D:6      | 42754 ||| Stepping ~*~*~tactically~*~*~ (hiding).
 42765 | D:6      | 42765 ||| Stepping ~*~*~tactically~*~*~ (hiding).
 42776 | D:6      | 42776 ||| Stepping ~*~*~tactically~*~*~ (hiding).
 42787 | D:6      | 42787 ||| Stepping ~*~*~tactically~*~*~ (hiding).
 42798 | D:6      | 42798 ||| Stepping ~*~*~tactically~*~*~ (hiding).
 42809 | D:6      | 42809 ||| Stepping ~*~*~tactically~*~*~ (hiding).
 42820 | D:6      | 42820 ||| Stepping ~*~*~tactically~*~*~ (hiding).
 42825 | D:6      | Glimpsed the power of Zot.
 42831 | D:6      | 42831 ||| Stepping ~*~*~tactically~*~*~ (hiding).
 42842 | D:6      | 42842 ||| Stepping ~*~*~tactically~*~*~ (hiding).
 42853 | D:6      | 42853 ||| Stepping ~*~*~tactically~*~*~ (hiding).
 42864 | D:6      | 42864 ||| Stepping ~*~*~tactically~*~*~ (hiding).
 42875 | D:6      | 42875 ||| Stepping ~*~*~tactically~*~*~ (hiding).
 42886 | D:6      | 42886 ||| Stepping ~*~*~tactically~*~*~ (hiding).
 42897 | D:6      | 42897 ||| Stepping ~*~*~tactically~*~*~ (hiding).
 42908 | D:6      | 42908 ||| Stepping ~*~*~tactically~*~*~ (hiding).
 42919 | D:6      | 42919 ||| Stepping ~*~*~tactically~*~*~ (hiding).
 42930 | D:6      | 42930 ||| Stepping ~*~*~tactically~*~*~ (hiding).
 42941 | D:6      | 42941 ||| Stepping ~*~*~tactically~*~*~ (hiding).
 42952 | D:6      | 42952 ||| Stepping ~*~*~tactically~*~*~ (hiding).
 42963 | D:6      | 42963 ||| Stepping ~*~*~tactically~*~*~ (hiding).
 42974 | D:6      | 42974 ||| Stepping ~*~*~tactically~*~*~ (hiding).
 42985 | D:6      | 42985 ||| Stepping ~*~*~tactically~*~*~ (hiding).
 42996 | D:6      | 42996 ||| Stepping ~*~*~tactically~*~*~ (hiding).
 43007 | D:6      | 43007 ||| Stepping ~*~*~tactically~*~*~ (hiding).
 43018 | D:6      | 43018 ||| Stepping ~*~*~tactically~*~*~ (hiding).
 43029 | D:6      | 43029 ||| Stepping ~*~*~tactically~*~*~ (hiding).
 43040 | D:6      | 43040 ||| Stepping ~*~*~tactically~*~*~ (hiding).
 43051 | D:6      | 43051 ||| Stepping ~*~*~tactically~*~*~ (hiding).
 43062 | D:6      | 43062 ||| Stepping ~*~*~tactically~*~*~ (hiding).
 43073 | D:6      | 43073 ||| Stepping ~*~*~tactically~*~*~ (hiding).
 43084 | D:6      | 43084 ||| Stepping ~*~*~tactically~*~*~ (hiding).
 43095 | D:6      | 43095 ||| Stepping ~*~*~tactically~*~*~ (hiding).
 43106 | D:6      | 43106 ||| Stepping ~*~*~tactically~*~*~ (hiding).
 43117 | D:6      | 43117 ||| Stepping ~*~*~tactically~*~*~ (hiding).
 43128 | D:6      | 43128 ||| Stepping ~*~*~tactically~*~*~ (hiding).
 43139 | D:6      | 43139 ||| Stepping ~*~*~tactically~*~*~ (hiding).
 43150 | D:6      | 43150 ||| Stepping ~*~*~tactically~*~*~ (hiding).
 43161 | D:6      | 43161 ||| Stepping ~*~*~tactically~*~*~ (hiding).
 43172 | D:6      | 43172 ||| Stepping ~*~*~tactically~*~*~ (hiding).
 43183 | D:6      | 43183 ||| Stepping ~*~*~tactically~*~*~ (hiding).
 43194 | D:6      | 43194 ||| Stepping ~*~*~tactically~*~*~ (hiding).
 43205 | D:6      | 43205 ||| Stepping ~*~*~tactically~*~*~ (hiding).
 43216 | D:6      | 43216 ||| Stepping ~*~*~tactically~*~*~ (hiding).
 43225 | D:6      | Glimpsed the power of Zot.
 43227 | D:6      | 43227 ||| Stepping ~*~*~tactically~*~*~ (hiding).
 43238 | D:6      | 43238 ||| Stepping ~*~*~tactically~*~*~ (hiding).
 43249 | D:6      | 43249 ||| Stepping ~*~*~tactically~*~*~ (hiding).
 43260 | D:6      | 43260 ||| Stepping ~*~*~tactically~*~*~ (hiding).
 43271 | D:6      | 43271 ||| Stepping ~*~*~tactically~*~*~ (hiding).
 43282 | D:6      | 43282 ||| Stepping ~*~*~tactically~*~*~ (hiding).
 43293 | D:6      | 43293 ||| Stepping ~*~*~tactically~*~*~ (hiding).
 43304 | D:6      | 43304 ||| Stepping ~*~*~tactically~*~*~ (hiding).
 43315 | D:6      | 43315 ||| Stepping ~*~*~tactically~*~*~ (hiding).
 43324 | D:6      | Touched by the power of Zot.
 43325 | D:6      | Quit the game

Levels and vault maps discovered:
D:1:      ldierk_walled_garden_2, layout_basic
D:2:      layout_loops_ring, nicolae_shop_unique_rings, st_stairs_9,
          chequers_serial_rivers_small_3
D:3:      layout_loops_ring, uniq_terence, uniq_grinder, uniq_robin
D:4:      layout_layer_cave, minmay_temple_entry_waves, serial_shops, shop,
          uniq_natasha
D:5:      layout_basic, minmay_misc_feat_rows, minmay_joined_circles
D:6:      layout_loops_corners, kennysheep_okawaru_gauntlet,
          nicolae_overflow_hidden_temple
D:7:      layout_layer_cave, nicolae_sif_muna_condensation,
          nicolae_gozag_zags_fifth_avenue, enter_bailey_2,
          kennysheep_pointless_box, minmay_statues_item, st_stairs_3
Temple:   kb_temple_of_zot

Skill      XL: |  1  2  3  4  5  6  7  8  9 |
---------------+----------------------------+-----
Axes           | 2 3 4 5 6 7 8 9 |  9.5
Throwing       | 1 2 |  2.1
Fighting       | 4 5 6 7 |  7.0
Dodging        | 1 |  1.3
Armour         | 4 5 |  5.0
Shields        | 4 |  4.0

Action                     |  1- 3 |  4- 6 |  7- 9 || total
---------------------------+-------+-------+-------++-------
  Melee: War axe           |    61 |   122 |   315 ||   498
  Throw: Javelin           |    32 |    18 |    37 ||    87
    Use: Scroll            |     3 |     8 |     9 ||    20
         Potion            |       |     2 |     5 ||     7
 Armour: Scale mail        |    23 |       |       ||    23
         Chain mail        |     9 |    81 |   236 ||   326
  Dodge: Dodged            |    16 |    47 |   141 ||   204
  Block: Buckler           |    15 |    22 |    75 ||   112

Table legend:
 A = Non-vault XP
 B = Vault XP
 C = Vault XP percentage of total XP
 D = Non-vault monster count
 E = Vault monster count
 F = Vault count percentage of total count
                 A         B        C        D         E       F
            +---------+---------+-------+---------+---------+-------
      Total |    2327 |    1441 |  38.2 |     126 |      37 |  22.7
            +---------+---------+-------+---------+---------+-------
        D:1 |      43 |       0 |   0.0 |      24 |       0 |   0.0
        D:2 |      29 |       7 |  19.4 |       9 |       2 |  18.2
        D:3 |      46 |     364 |  88.8 |      18 |      15 |  45.5
        D:4 |     227 |      35 |  13.4 |      10 |       1 |   9.1
        D:5 |     598 |     773 |  56.4 |      29 |      15 |  34.1
        D:6 |     582 |       2 |   0.3 |      22 |       1 |   4.3
        D:7 |     802 |     260 |  24.5 |      14 |       3 |  17.6
            +---------+---------+-------+---------+---------+-------
